Workbook

Sheet Bepalingen
B2: Bepalingen voor gebruik
B4: Het model is generiek van opzet, dat als voorbeeld kan dienen voor de financiële planning van organisaties en ondernemingen. Het model is niet zondermeer standaard toepasbaar in uw organisatie en/of uw situatie. Mogelijk moeten aanpassingen gedaan worden om het model te laten aansluiten op uw specifieke omstandigheden, eisen en wensen. Voldoende kennis van excel en financieel modelleren is noodzakelijk voor het aanpassen van het model, het geschikt maken voor een specifieke bedrijfssituatie en het gebruik van het model. Vraag advies van KYF over de geschiktheid, de benodigde aanpassingen en het gebruik van het model.
B5: Het model kan vrij gebruikt worden als aanzet voor eigen gebruik en ten behoeve van ontwikkeling van de eigen kennis.
B6: Het model kan gebruikt voor onderwijskundige doeleinden in klassikale onderwijsvormen en voor praktijkgerichte case studies na toestemming van KYF en onder de voorwaarde dat copyright en intellectuele eigendom van het model worden gerespecteerd.
B7: KnowYourFinance en/of de auteur kunnen niet verantwoordelijk worden gehouden voor een juiste werking van het model in uw specifieke organisatie/onderneming. Ook kunnen KnowYourFinance en/of de auteur niet aansprakelijk worden gesteld voor onjuistheden in het model. KnowYourFinance hecht veel waarde aan kwaliteit en een zinvol gebruik van het model. In het geval van gesignaleerde onjuistheden of onvolkomenheden, zal KnowYourFinance deze zo spoedig mogelijk oplossen, in afstemming met de gebruiker(s) van het model.
B8: KnowYourFinance en de auteur zijn niet verantwoordelijk voor besluitvorming (of achterwege blijven hiervan) op basis van het model, zowel niet in de oorspronkelijke vorm als in aangepaste vorm.
B9: KnowYourFinance is intellectueel eigenaar van het model. Het is niet toegestaan in welke vorm dan ook het model of gedeelten ervan (in oorspronkelijke of aangepaste vorm) te verspreiden of te delen met derden (tegen een vergoeding noch kosteloos), met uitzondering van deling van het model ten behoeve van gebruik en kennisdeling binnen de eigen organisatie/onderneming. In alle gevallen worden de copyright en het intellectuele eigendom van het model gerespecteerd.

Sheet Modeltoelichting
B2: Toelichtingen bij model
B4: KnowYourFinance
B6: KnowYourFinance heeft als doel organisaties te ondersteunen bij de financiële planning, analyse en besluitvorming en de kennis over financiële analyse, planning en modelleren praktisch beschikbaar te stellen.
B7: U kunt contact opnemen met KnowYourFinance bij vragen over het model, of indien u klant-specifieke wensen en toepassingen heeft. We waarderen uw feedback over het model en het delen van uw gebruikservaringen. Wij nodigen u uit een email te sturen of onze webstite te bezoeken via onderstaande links.
B8: info@knowyourfinance.nl
B9: https://knowyourfinance.nl
B11: Model kenmerken en toepasbaarheid
B13: Model type: Meerjarenplanning resultatenrekening, balans en kasstroomoverzicht
B14: Toepassing: Het model dient als voorbeeld voor de financiële meerjarenplanning van vele typen ondernemingen en organisaties in de profit en non-profit sector. De resultatenrekening is categoraal opgezet, met verdeling naar personeelslasten, afschrijvingslastenm huisvestingslasten en overige lasten.
B15: Minder geschikt voor: Het model geeft in de huidige vorm geen brutomarge weer in de resultatenrekening. Raadpleeg de download pagina van KYF voor het model inclusief brutomarge. Het model omvat de planning van de resultatenrekening, balans en kasstroomoverzicht. Indien u alleen de resultatenrekening wilt plannen, verwijzen we naar het eenvoudigere model Meerjarenplanning financiële resultaten van KYF.
B17: Het model sluit aan bij de essentiële componenten van de financiële bedrijfsvoering: aantal verkopen, gemiddelde verkoopprijs, fte, gemiddelde personeelskosten en materiële kosten.
B18: De opbrengsten worden bepaald volgens de p * q methode: gemiddelde verkoopprijs (p) * verkoopaantallen (q)
... B67: - Pas de assen van de grafieken aan en de overige "vaste" teksten voor zover nodig

Sheet Afkortingen
B2: Afkortingen
B4: BS | C4: Balans
B5: EBIT | C5: Earnings Before Interest & Tax = Bedrijfsresultaat
B6: EBITDA | C6: Earnings before Interest Depreciation & Amortizion = Bedrijfsresultaat exclusief afschrijvingen
B7: EUR | C7: Euro
B8: EV | C8: Eigen vermogen
B9: FTE | C9: Full Time Equivalent = opgetelde dienstverbanden uitgedrukt in aantal volledige dienstverbanden
B10: KSO | C10: Kasstroomoverzicht
B11: LLS | C11: Langlopende schulden
B12: MJP | C12: Meerjarenplanning
B13: MVA | C13: Materiële vaste activa
B14: P | C14: Prognose
B15: p | C15: Kleine letter p = prijs
... B19: TV | C19: Totale vermogen

Sheet OUTPUT->

Sheet ErrorChecks
B2: Error checks
B4: Model checks | D4: Sheet | E4: Check
B5: =SUM(B6:B25) -> 0 | D5: ErrorChecks | E5: Master check
B8: =SUM('1. Realisatie RR en BS'!66:66) -> 0 | D8: 1. Realisatie RR en BS | E8: Balans historische activa en passiva sluiten niet aan
B9: =SUM('1. Realisatie RR en BS'!72:72) -> 0 | D9: 1. Realisatie RR en BS | E9: Historische EV mutatie sluit niet aan bij nettoresultaat en dividend uitkering
B11: =SUM('2. Prognose RR'!81:81) -> 0 | D11: 2. Prognose RR | E11: Resultaat rapport RR en 2. Prognose RR sluiten niet aan
B12: =SUM('2. Prognose RR'!85:85) -> 0 | D12: 2. Prognose RR | E12: Historisch resultaat in 1. Realisatie RR en BS en in 2. Prognose RR sluiten niet aan
B13: =SUM('2. Prognose RR'!89:89) -> 0 | D13: 2. Prognose RR | E13: Afschrijvingen 3. Prognose BS zijn ongelijk aan afschrijvingslasten 3. Prognose RR
B15: =SUM('3. Prognose BS'!138:138) -> 0 | D15: 3. Prognose BS | E15: Beginstand voorzieningen in laatste realisatiejaar is ongelijk aan Eindstand vorig jaar
B16: =SUM('3. Prognose BS'!142:142) -> 0 | D16: 3. Prognose BS | E16: Beginstand langlopende schuld in laatste realisatiejaar is ongelijk aan Eindstand vorig jaar
B18: =SUM('3. Prognose BS'!130:130) -> 0 | D18: 3. Prognose BS | E18: Activa en passiva zijn ongelijk
B19: =SUM('3. Prognose BS'!134:134) -> 0 | D19: 3. Prognose BS | E19: Activa en passiva in 3. Prognose BS zijn ongelijk aan rapport Balans
B21: =SUM(Balans!33:33) -> 0 | D21: Balans | E21: Activa en passiva sluiten niet aan
B23: =SUM(Kasstroomoverzicht!44:44) -> 0 | D23: Kasstroomoverzicht | E23: Eindstand liquide middelen KSO sluit niet aan met Balans

Sheet Dashboard
B2: Dashboard | T2: KnowYourFinance© | W2: Master check | Y2: =ErrorChecks!$B$5 -> 0 | AB2: Brondata-> | AF2: Brondata
B3: Balans en Resultatenrekening bedragen x € 1.000 | AI3: ="R "&RIGHT(RR!E5,2) -> R 24 | AJ3: ="R "&VALUE(RIGHT(AI3,2))+1 -> R 25 | AK3: ="P "&VALUE(RIGHT(AJ3,2))+1 -> P 26 | AL3: ="P "&VALUE(RIGHT(AK3,2))+1 -> P 27 | AM3: ="P "&VALUE(RIGHT(AL3,2))+1 -> P 28 | AN3: ="P "&VALUE(RIGHT(AM3,2))+1 -> P 29 | AO3: ="P "&VALUE(RIGHT(AN3,2))+1 -> P 30
B4: Operationeel
AF5: Aantal producten | AI5: =Ratios!E9 -> 1200 | AJ5: =Ratios!F9 -> 1200 | AK5: =Ratios!G9 -> 1200 | AL5: =Ratios!H9 -> 1300 | AM5: =Ratios!I9 -> 1400 | AN5: =Ratios!J9 -> 1500 | AO5: =Ratios!K9 -> 1500
AF6: Gem verkoopprijs | AI6: =Ratios!E10 -> 416.66667 | AJ6: =Ratios!F10 -> 437.5 | AK6: =Ratios!G10 -> 446.25 | AL6: =Ratios!H10 -> 455.175 | AM6: =Ratios!I10 -> 464.2785 | AN6: =Ratios!J10 -> 473.56407 | AO6: =Ratios!K10 -> 483.03535
AF8: Productgroep | AI8: =RR!E7 -> 500 | AJ8: =RR!F7 -> 525 | AK8: =RR!G7 -> 535.5 | AL8: =RR!H7 -> 591.7275 | AM8: =RR!I7 -> 649.9899 | AN8: =RR!J7 -> 710.3461 | AO8: =RR!K7 -> 724.55303
AF9: Overige | AI9: =RR!E8 -> 50 | AJ9: =RR!F8 -> 55 | AK9: =RR!G8 -> 86.1 | AL9: =RR!H8 -> 57.222 | AM9: =RR!I8 -> 58.36644 | AN9: =RR!J8 -> 59.533769 | AO9: =RR!K8 -> 60.724444
AF11: Personeelskosten | AI11: =-RR!E11 -> 300 | AJ11: =-RR!F11 -> 315 | AK11: =-RR!G11 -> 371.08 | AL11: =-RR!H11 -> 375.3016 | AM11: =-RR!I11 -> 382.66763 | AN11: =-RR!J11 -> 390.18098 | AO11: =-RR!K11 -> 462.98537
AF12: Personeelskosten% | AI12: =-Ratios!E15 -> 0.54545455 | AJ12: =-Ratios!F15 -> 0.54310345 | AK12: =-Ratios!G15 -> 0.59697555 | AL12: =-Ratios!H15 -> 0.57832173 | AM12: =-Ratios!I15 -> 0.54021911 | AN12: =-Ratios!J15 -> 0.50680762 | AO12: =-Ratios!K15 -> 0.58958188
AF13: Resultaat | AI13: =RR!E26 -> 63 | AJ13: =RR!F26 -> 53 | AK13: =RR!G26 -> 37.350904 | AL13: =RR!H26 -> 41.888644 | AM13: =RR!I26 -> 27.51226 | AN13: =RR!J26 -> 66.61257 | AO13: =RR!K26 -> 30.807996
B14: Resultaat | AF14: Resultaat % | AI14: =Ratios!E21 -> 0.11454545 | AJ14: =Ratios!F21 -> 0.09137931 | AK14: =Ratios!G21 -> 0.060088327 | AL14: =Ratios!H21 -> 0.064548387 | AM14: =Ratios!I21 -> 0.038839576 | AN14: =Ratios!J21 -> 0.086523329 | AO14: =Ratios!K21 -> 0.039231987
AF15: Rentabiliteit EV | AJ15: =Ratios!F22 -> 0.43801653 | AK15: =Ratios!G22 -> 0.23992803 | AL15: =Ratios!H22 -> 0.22606434 | AM15: =Ratios!I22 -> 0.13259197 | AN15: =Ratios!J22 -> 0.28099682 | AO15: =Ratios!K22 -> 0.11592047
AF17: Solvabiliteit | AJ17: =Ratios!F32 -> 0.39672131 | AK17: =Ratios!G32 -> 0.53351886 | AL17: =Ratios!H32 -> 0.51509584 | AM17: =Ratios!I32 -> 0.50996609 | AN17: =Ratios!J32 -> 0.61737531 | AO17: =Ratios!K32 -> 0.70508261
AF18: Debt | AJ18: =1-AJ17 -> 0.60327869 | AK18: =1-AK17 -> 0.46648114 | AL18: =1-AL17 -> 0.48490416 | AM18: =1-AM17 -> 0.49003391 | AN18: =1-AN17 -> 0.38262469 | AO18: =1-AO17 -> 0.29491739
AF20: Kasstroom | AJ20: =Kasstroomoverzicht!F37 -> -25 | AK20: =Kasstroomoverzicht!G37 -> -9.012822 | AL20: =Kasstroomoverzicht!H37 -> 131.2622 | AM20: =Kasstroomoverzicht!I37 -> -169.25154 | AN20: =Kasstroomoverzicht!J37 -> -2.292621 | AO20: =Kasstroomoverzicht!K37 -> -19.803263
AF21: Stand | AI21: =Balans!E13 -> 104 | AJ21: =Balans!F13 -> 79 | AK21: =Balans!G13 -> 69.987178 | AL21: =Balans!H13 -> 201.24938 | AM21: =Balans!I13 -> 31.997839 | AN21: =Balans!J13 -> 29.705218 | AO21: =Balans!K13 -> 9.9019548
AF22: Current ratio | AI22: =Ratios!E27 -> 2.3095238 | AJ22: =Ratios!F27 -> 1.8571429 | AK22: =Ratios!G27 -> 2.1893498 | AL22: =Ratios!H27 -> 2.0268189 | AM22: =Ratios!I27 -> 1.0372521 | AN22: =Ratios!J27 -> 1.3998078 | AO22: =Ratios!K27 -> 1.3163595
AF23: ICR | AI23: =Ratios!E25 -> 17 | AJ23: =Ratios!F25 -> 14.833333 | AK23: =Ratios!G25 -> 23.271382 | AL23: =Ratios!H25 -> 7.3789369 | AM23: =Ratios!I25 -> 13.281899 | AN23: =Ratios!J25 -> 43.272253 | AO23: =Ratios!K25 -> 58.510784
B24: Liquiditeit / EV | AF24: DSCR | AJ24: =Ratios!F26 -> 5.5625 | AK24: =Ratios!G26 -> 5.4252301 | AL24: =Ratios!H26 -> 1.510995 | AM24: =Ratios!I26 -> 1.8134487 | AN24: =Ratios!J26 -> 3.9338412 | AO24: =Ratios!K26 -> 2.5642176

Sheet RR
K1: KnowYourFinance©
B2: Resultatenrekening | M2: Master check | O2: =ErrorChecks!$B$5 -> 0
B4: Bedragen in EUR x 1.000
E5: ='1. Realisatie RR en BS'!E9 -> R 2024 | F5: ='1. Realisatie RR en BS'!F9 -> R 2025 | G5: ='1. Realisatie RR en BS'!G9 -> P 2026 | H5: ='1. Realisatie RR en BS'!H9 -> P 2027 | I5: ='1. Realisatie RR en BS'!I9 -> P 2028 | J5: ='1. Realisatie RR en BS'!J9 -> P 2029 | K5: ='1. Realisatie RR en BS'!K9 -> P 2030
B7: Opbrengsten p*q | E7: ='2. Prognose RR'!E11 -> 500 | F7: ='2. Prognose RR'!F11 -> 525 | G7: ='2. Prognose RR'!G11 -> 535.5 | H7: ='2. Prognose RR'!H11 -> 591.7275 | I7: ='2. Prognose RR'!I11 -> 649.9899 | J7: ='2. Prognose RR'!J11 -> 710.3461 | K7: ='2. Prognose RR'!K11 -> 724.55303
B8: Overige opbrengsten | E8: ='2. Prognose RR'!E17 -> 50 | F8: ='2. Prognose RR'!F17 -> 55 | G8: ='2. Prognose RR'!G17 -> 86.1 | H8: ='2. Prognose RR'!H17 -> 57.222 | I8: ='2. Prognose RR'!I17 -> 58.36644 | J8: ='2. Prognose RR'!J17 -> 59.533769 | K8: ='2. Prognose RR'!K17 -> 60.724444
B9: Totale opbrengsten | E9: =SUM(E7:E8) -> 550 | F9: =SUM(F7:F8) -> 580 | G9: =SUM(G7:G8) -> 621.6 | H9: =SUM(H7:H8) -> 648.9495 | I9: =SUM(I7:I8) -> 708.35634 | J9: =SUM(J7:J8) -> 769.87987 | K9: =SUM(K7:K8) -> 785.27747
B11: Personeelskosten | E11: ='2. Prognose RR'!E30 -> -300 | F11: ='2. Prognose RR'!F30 -> -315 | G11: ='2. Prognose RR'!G30 -> -371.08 | H11: ='2. Prognose RR'!H30 -> -375.3016 | I11: ='2. Prognose RR'!I30 -> -382.66763 | J11: ='2. Prognose RR'!J30 -> -390.18098 | K11: ='2. Prognose RR'!K30 -> -462.98537
B12: Afschrijvingen | E12: ='2. Prognose RR'!E34 -> -10 | F12: ='2. Prognose RR'!F34 -> -11 | G12: ='2. Prognose RR'!G34 -> -19.903794 | H12: ='2. Prognose RR'!H34 -> -23 | I12: ='2. Prognose RR'!I34 -> -37 | J12: ='2. Prognose RR'!J34 -> -40 | K12: ='2. Prognose RR'!K34 -> -40
B13: Huisvestingslasten | E13: ='2. Prognose RR'!E39 -> -140 | F13: ='2. Prognose RR'!F39 -> -150 | G13: ='2. Prognose RR'!G39 -> -153 | H13: ='2. Prognose RR'!H39 -> -181.06 | I13: ='2. Prognose RR'!I39 -> -184.1812 | J13: ='2. Prognose RR'!J39 -> -188.36482 | K13: ='2. Prognose RR'!K39 -> -185.61212
B14: Overige kosten | E14: ='2. Prognose RR'!E44 -> -25 | F14: ='2. Prognose RR'!F44 -> -26 | G14: ='2. Prognose RR'!G44 -> -26.775 | H14: ='2. Prognose RR'!H44 -> -54.586375 | I14: ='2. Prognose RR'!I44 -> -57.499495 | J14: ='2. Prognose RR'!J44 -> -61.517305 | K14: ='2. Prognose RR'!K44 -> -56.227651
B15: Totale lasten | E15: =SUM(E11:E14) -> -475 | F15: =SUM(F11:F14) -> -502 | G15: =SUM(G11:G14) -> -570.75879 | H15: =SUM(H11:H14) -> -633.94797 | I15: =SUM(I11:I14) -> -661.34833 | J15: =SUM(J11:J14) -> -680.06311 | K15: =SUM(K11:K14) -> -744.82514
B17: Operationeel resultaat (EBIT) | E17: =E9+E15 -> 75 | F17: =F9+F15 -> 78 | G17: =G9+G15 -> 50.841206 | H17: =H9+H15 -> 15.001525 | I17: =I9+I15 -> 47.008013 | J17: =J9+J15 -> 89.81676 | K17: =K9+K15 -> 40.452328
B19: Niet-operationele baten/lasten | E19: ='2. Prognose RR'!E53 -> 0 | F19: ='2. Prognose RR'!F53 -> -10 | G19: ='2. Prognose RR'!G53 -> 0 | H19: ='2. Prognose RR'!H53 -> 40 | I19: ='2. Prognose RR'!I53 -> 0 | J19: ='2. Prognose RR'!J53 -> 0 | K19: ='2. Prognose RR'!K53 -> 0
B20: Verkoopresultaat vaste activa | E20: ='2. Prognose RR'!E55 -> 0 | F20: ='2. Prognose RR'!F55 -> 14 | G20: ='2. Prognose RR'!G55 -> 0 | H20: ='2. Prognose RR'!H55 -> 4 | I20: ='2. Prognose RR'!I55 -> -6 | J20: ='2. Prognose RR'!J55 -> 0 | K20: ='2. Prognose RR'!K55 -> 0
B21: Financiële baten | E21: ='2. Prognose RR'!E57 -> 1 | F21: ='2. Prognose RR'!F57 -> 2 | G21: ='2. Prognose RR'!G57 -> 2 | H21: ='2. Prognose RR'!H57 -> 2 | I21: ='2. Prognose RR'!I57 -> 2 | J21: ='2. Prognose RR'!J57 -> 2 | K21: ='2. Prognose RR'!K57 -> 2
B22: Financiële lasten | E22: ='2. Prognose RR'!E61 -> -5 | F22: ='2. Prognose RR'!F61 -> -6 | G22: ='2. Prognose RR'!G61 -> -3.04 | H22: ='2. Prognose RR'!H61 -> -5.15 | I22: ='2. Prognose RR'!I61 -> -6.325 | J22: ='2. Prognose RR'!J61 -> -3 | K22: ='2. Prognose RR'!K61 -> -1.375
B23: Resultaat voor belastingen | E23: =SUM(E17:E22) -> 71 | F23: =SUM(F17:F22) -> 78 | G23: =SUM(G17:G22) -> 49.801206 | H23: =SUM(H17:H22) -> 55.851525 | I23: =SUM(I17:I22) -> 36.683013 | J23: =SUM(J17:J22) -> 88.81676 | K23: =SUM(K17:K22) -> 41.077328
B25: Belastingen | E25: ='2. Prognose RR'!E67 -> -8 | F25: ='2. Prognose RR'!F67 -> -25 | G25: ='2. Prognose RR'!G67 -> -12.450301 | H25: ='2. Prognose RR'!H67 -> -13.962881 | I25: ='2. Prognose RR'!I67 -> -9.1707533 | J25: ='2. Prognose RR'!J67 -> -22.20419 | K25: ='2. Prognose RR'!K67 -> -10.269332
B26: Netto resultaat | E26: =SUM(E23:E25) -> 63 | F26: =SUM(F23:F25) -> 53 | G26: =SUM(G23:G25) -> 37.350904 | H26: =SUM(H23:H25) -> 41.888644 | I26: =SUM(I23:I25) -> 27.51226 | J26: =SUM(J23:J25) -> 66.61257 | K26: =SUM(K23:K25) -> 30.807996
B28: Dividend uitkering | E28: =-'2. Prognose RR'!E72 -> 10 | F28: =-'2. Prognose RR'!F72 -> 11 | G28: =-'2. Prognose RR'!G72 -> 10 | H28: =-'2. Prognose RR'!H72 -> 10 | I28: =-'2. Prognose RR'!I72 -> 15 | J28: =-'2. Prognose RR'!J72 -> 20 | K28: =-'2. Prognose RR'!K72 -> 20
B29: EBITDA | E29: =E17-E12 -> 85 | F29: =F17-F12 -> 89 | G29: =G17-G12 -> 70.745 | H29: =H17-H12 -> 38.001525 | I29: =I17-I12 -> 84.008013 | J29: =J17-J12 -> 129.81676 | K29: =K17-K12 -> 80.452328
B30: FTE | E30: ='2. Prognose RR'!E24 -> 5 | F30: ='2. Prognose RR'!F24 -> 5 | G30: ='2. Prognose RR'!G24 -> 6 | H30: ='2. Prognose RR'!H24 -> 6 | I30: ='2. Prognose RR'!I24 -> 6 | J30: ='2. Prognose RR'!J24 -> 6 | K30: ='2. Prognose RR'!K24 -> 7
B32: EBITDA % | E32: =E29/E9 -> 0.15454545 | F32: =F29/F9 -> 0.15344828 | G32: =G29/G9 -> 0.11381113 | H32: =H29/H9 -> 0.058558524 | I32: =I29/I9 -> 0.1185957 | J32: =J29/J9 -> 0.1686195 | K32: =K29/K9 -> 0.10245083
B33: EBIT% | E33: =E17/E9 -> 0.13636364 | F33: =F17/F9 -> 0.13448276 | G33: =G17/G9 -> 0.081790871 | H33: =H17/H9 -> 0.023116629 | I33: =I17/I9 -> 0.066362098 | J33: =J17/J9 -> 0.11666334 | K33: =K17/K9 -> 0.051513419
B34: Netto resultaat % | E34: =E26/E9 -> 0.11454545 | F34: =F26/F9 -> 0.09137931 | G34: =G26/G9 -> 0.060088327 | H34: =H26/H9 -> 0.064548387 | I34: =I26/I9 -> 0.038839576 | J34: =J26/J9 -> 0.086523329 | K34: =K26/K9 -> 0.039231987

Sheet Balans
K1: KnowYourFinance©
B2: Balans | N2: Master check | P2: =ErrorChecks!$B$5 -> 0
B4: Bedragen in EUR x 1.000 | E4: =IF(E33=0,"OK","CHECK") -> OK | F4: =IF(F33=0,"OK","CHECK") -> OK | G4: =IF(G33=0,"OK","CHECK") -> OK | H4: =IF(H33=0,"OK","CHECK") -> OK | I4: =IF(I33=0,"OK","CHECK") -> OK | J4: =IF(J33=0,"OK","CHECK") -> OK | K4: =IF(K33=0,"OK","CHECK") -> OK
E5: =RR!E5 -> R 2024 | F5: =RR!F5 -> R 2025 | G5: =RR!G5 -> P 2026 | H5: =RR!H5 -> P 2027 | I5: =RR!I5 -> P 2028 | J5: =RR!J5 -> P 2029 | K5: =RR!K5 -> P 2030
B7: Materiële Vaste Activa | E7: ='3. Prognose BS'!E26 -> 120 | F7: ='3. Prognose BS'!F26 -> 140 | G7: ='3. Prognose BS'!G26 -> 160.09621 | H7: ='3. Prognose BS'!H26 -> 167.09621 | I7: ='3. Prognose BS'!I26 -> 280.09621 | J7: ='3. Prognose BS'!J26 -> 280.09621 | K7: ='3. Prognose BS'!K26 -> 280.09621
B8: Vaste Activa | E8: =SUM(E7:E7) -> 120 | F8: =SUM(F7:F7) -> 140 | G8: =SUM(G7:G7) -> 160.09621 | H8: =SUM(H7:H7) -> 167.09621 | I8: =SUM(I7:I7) -> 280.09621 | J8: =SUM(J7:J7) -> 280.09621 | K8: =SUM(K7:K7) -> 280.09621
B10: Voorraden | E10: ='3. Prognose BS'!E39 -> 25 | F10: ='3. Prognose BS'!F39 -> 10 | G10: ='3. Prognose BS'!G39 -> 10.269863 | H10: ='3. Prognose BS'!H39 -> 11.348199 | I10: ='3. Prognose BS'!I39 -> 12.46556 | J10: ='3. Prognose BS'!J39 -> 13.623076 | K10: ='3. Prognose BS'!K39 -> 13.895538
B11: Debiteuren | E11: ='3. Prognose BS'!E42 -> 60 | F11: ='3. Prognose BS'!F42 -> 61 | G11: ='3. Prognose BS'!G42 -> 44.013699 | H11: ='3. Prognose BS'!H42 -> 48.635137 | I11: ='3. Prognose BS'!I42 -> 53.423827 | J11: ='3. Prognose BS'!J42 -> 58.384611 | K11: ='3. Prognose BS'!K42 -> 59.552304
B12: Overige kortlopende activa | E12: ='3. Prognose BS'!E45 -> 5 | F12: ='3. Prognose BS'!F45 -> 6 | G12: ='3. Prognose BS'!G45 -> 3.213 | H12: ='3. Prognose BS'!H45 -> 3.550365 | I12: ='3. Prognose BS'!I45 -> 3.8999394 | J12: ='3. Prognose BS'!J45 -> 4.2620766 | K12: ='3. Prognose BS'!K45 -> 4.3473182
B13: Liquide Middelen | E13: ='3. Prognose BS'!E47 -> 104 | F13: ='3. Prognose BS'!F47 -> 79 | G13: ='3. Prognose BS'!G47 -> 69.987178 | H13: ='3. Prognose BS'!H47 -> 201.24938 | I13: ='3. Prognose BS'!I47 -> 31.997839 | J13: ='3. Prognose BS'!J47 -> 29.705218 | K13: ='3. Prognose BS'!K47 -> 9.9019548
B14: Vlottende Activa | E14: =SUM(E10:E13) -> 194 | F14: =SUM(F10:F13) -> 156 | G14: =SUM(G10:G13) -> 127.48374 | H14: =SUM(H10:H13) -> 264.78308 | I14: =SUM(I10:I13) -> 101.78717 | J14: =SUM(J10:J13) -> 105.97498 | K14: =SUM(K10:K13) -> 87.697114
B16: Activa Totaal | E16: =E8+E14 -> 314 | F16: =F8+F14 -> 296 | G16: =G8+G14 -> 287.57995 | H16: =H8+H14 -> 431.87928 | I16: =I8+I14 -> 381.88337 | J16: =J8+J14 -> 386.07119 | K16: =K8+K14 -> 367.79332
B18: Eigen Vermogen | E18: ='3. Prognose BS'!E53 -> 100 | F18: ='3. Prognose BS'!F53 -> 142 | G18: ='3. Prognose BS'!G53 -> 169.3509 | H18: ='3. Prognose BS'!H53 -> 201.23955 | I18: ='3. Prognose BS'!I53 -> 213.75181 | J18: ='3. Prognose BS'!J53 -> 260.36438 | K18: ='3. Prognose BS'!K53 -> 271.17237
B20: Voorzieningen | E20: ='3. Prognose BS'!E61 -> 60 | F20: ='3. Prognose BS'!F61 -> 10 | G20: ='3. Prognose BS'!G61 -> 30 | H20: ='3. Prognose BS'!H61 -> 10 | I20: ='3. Prognose BS'!I61 -> 10 | J20: ='3. Prognose BS'!J61 -> 10 | K20: ='3. Prognose BS'!K61 -> 10
B22: Langlopende Schulden (LLS) | E22: ='3. Prognose BS'!E95 -> 70 | F22: ='3. Prognose BS'!F95 -> 60 | G22: ='3. Prognose BS'!G95 -> 30 | H22: ='3. Prognose BS'!H95 -> 90 | I22: ='3. Prognose BS'!I95 -> 60 | J22: ='3. Prognose BS'!J95 -> 40 | K22: ='3. Prognose BS'!K95 -> 20
B24: Kortlopend deel LLS | E24: =-'3. Prognose BS'!E93 -> 10 | F24: =-'3. Prognose BS'!F93 -> 10 | G24: =-'3. Prognose BS'!G93 -> 20 | H24: =-'3. Prognose BS'!H93 -> 40 | I24: =-'3. Prognose BS'!I93 -> 30 | J24: =-'3. Prognose BS'!J93 -> 30 | K24: =-'3. Prognose BS'!K93 -> 20
B25: Kortlopende schulden rentedragend | E25: ='3. Prognose BS'!E110 -> 4 | F25: ='3. Prognose BS'!F110 -> 4 | G25: ='3. Prognose BS'!G110 -> 0 | H25: ='3. Prognose BS'!H110 -> 50 | I25: ='3. Prognose BS'!I110 -> 25 | J25: ='3. Prognose BS'!J110 -> 0 | K25: ='3. Prognose BS'!K110 -> 0
B26: Crediteuren | E26: ='3. Prognose BS'!E116 -> 40 | F26: ='3. Prognose BS'!F116 -> 45 | G26: ='3. Prognose BS'!G116 -> 22.164041 | H26: ='3. Prognose BS'!H116 -> 22.887909 | I26: ='3. Prognose BS'!I116 -> 23.631867 | J26: ='3. Prognose BS'!J116 -> 24.396427 | K26: ='3. Prognose BS'!K116 -> 24.884355
B27: Overige kortlopende passiva | E27: ='3. Prognose BS'!E120 -> 30 | F27: ='3. Prognose BS'!F120 -> 25 | G27: ='3. Prognose BS'!G120 -> 16.065 | H27: ='3. Prognose BS'!H120 -> 17.751825 | I27: ='3. Prognose BS'!I120 -> 19.499697 | J27: ='3. Prognose BS'!J120 -> 21.310383 | K27: ='3. Prognose BS'!K120 -> 21.736591
B28: Vlottende Passiva | E28: =SUM(E24:E27) -> 84 | F28: =SUM(F24:F27) -> 84 | G28: =SUM(G24:G27) -> 58.229041 | H28: =SUM(H24:H27) -> 130.63973 | I28: =SUM(I24:I27) -> 98.131564 | J28: =SUM(J24:J27) -> 75.70681 | K28: =SUM(K24:K27) -> 66.620946
B30: Passiva Totaal | E30: =E18+E20+E22+E28 -> 314 | F30: =F18+F20+F22+F28 -> 296 | G30: =G18+G20+G22+G28 -> 287.57995 | H30: =H18+H20+H22+H28 -> 431.87928 | I30: =I18+I20+I22+I28 -> 381.88337 | J30: =J18+J20+J22+J28 -> 386.07119 | K30: =K18+K20+K22+K28 -> 367.79332
B33: Check | E33: =E16-E30 -> 0 | F33: =F16-F30 -> 0 | G33: =G16-G30 -> 0 | H33: =H16-H30 -> 0 | I33: =I16-I30 -> 0 | J33: =J16-J30 -> 0 | K33: =K16-K30 -> 0

Sheet Kasstroomoverzicht
K1: KnowYourFinance©
B2: Kasstroomoverzicht | N2: Master check | P2: =ErrorChecks!$B$5 -> 0
B4: Bedragen in EUR x 1.000 | F4: =IF(F44=0,"OK","NOT OK") -> OK | G4: =IF(G44=0,"OK","NOT OK") -> OK | H4: =IF(H44=0,"OK","NOT OK") -> OK | I4: =IF(I44=0,"OK","NOT OK") -> OK | J4: =IF(J44=0,"OK","NOT OK") -> OK | K4: =IF(K44=0,"OK","NOT OK") -> OK
B5: Kasstroomoverzicht | F5: =RR!F5 -> R 2025 | G5: =RR!G5 -> P 2026 | H5: =RR!H5 -> P 2027 | I5: =RR!I5 -> P 2028 | J5: =RR!J5 -> P 2029 | K5: =RR!K5 -> P 2030
B7: =RR!B26 -> Netto resultaat | F7: =RR!F26 -> 53 | G7: =RR!G26 -> 37.350904 | H7: =RR!H26 -> 41.888644 | I7: =RR!I26 -> 27.51226 | J7: =RR!J26 -> 66.61257 | K7: =RR!K26 -> 30.807996
B9: Correcties op resultaat:
B10: Afschrijvingen | F10: =-RR!F12 -> 11 | G10: =-RR!G12 -> 19.903794 | H10: =-RR!H12 -> 23 | I10: =-RR!I12 -> 37 | J10: =-RR!J12 -> 40 | K10: =-RR!K12 -> 40
B11: Dotatie voorzieningen | F11: ='3. Prognose BS'!F58 -> 10 | G11: ='3. Prognose BS'!G58 -> 30 | H11: ='3. Prognose BS'!H58 -> 0 | I11: ='3. Prognose BS'!I58 -> 0 | J11: ='3. Prognose BS'!J58 -> 0 | K11: ='3. Prognose BS'!K58 -> 0
B12: Vrijval voorzieningen | F12: ='3. Prognose BS'!F60 -> 0 | G12: ='3. Prognose BS'!G60 -> 0 | H12: ='3. Prognose BS'!H60 -> -20 | I12: ='3. Prognose BS'!I60 -> 0 | J12: ='3. Prognose BS'!J60 -> 0 | K12: ='3. Prognose BS'!K60 -> 0
B13: =RR!B20 -> Verkoopresultaat vaste activa | F13: =-RR!F20 -> -14 | G13: =-RR!G20 -> 0 | H13: =-RR!H20 -> -4 | I13: =-RR!I20 -> 6 | J13: =-RR!J20 -> 0 | K13: =-RR!K20 -> 0
B14: Subtotaal | F14: =SUM(F7:F13) -> 60 | G14: =SUM(G7:G13) -> 87.254699 | H14: =SUM(H7:H13) -> 40.888644 | I14: =SUM(I7:I13) -> 70.51226 | J14: =SUM(J7:J13) -> 106.61257 | K14: =SUM(K7:K13) -> 70.807996
B16: Mutaties in werkkapitaal:
B17: =Balans!B10 -> Voorraden | F17: =Balans!E10-Balans!F10 -> 15 | G17: =Balans!F10-Balans!G10 -> -0.26986301 | H17: =Balans!G10-Balans!H10 -> -1.0783356 | I17: =Balans!H10-Balans!I10 -> -1.1173611 | J17: =Balans!I10-Balans!J10 -> -1.1575163 | K17: =Balans!J10-Balans!K10 -> -0.27246152
B18: =Balans!B11 -> Debiteuren | F18: =Balans!E11-Balans!F11 -> -1 | G18: =Balans!F11-Balans!G11 -> 16.986301 | H18: =Balans!G11-Balans!H11 -> -4.6214384 | I18: =Balans!H11-Balans!I11 -> -4.7886904 | J18: =Balans!I11-Balans!J11 -> -4.960784 | K18: =Balans!J11-Balans!K11 -> -1.1676922
B19: =Balans!B12 -> Overige kortlopende activa | F19: =Balans!E12-Balans!F12 -> -1 | G19: =Balans!F12-Balans!G12 -> 2.787 | H19: =Balans!G12-Balans!H12 -> -0.337365 | I19: =Balans!H12-Balans!I12 -> -0.3495744 | J19: =Balans!I12-Balans!J12 -> -0.36213723 | K19: =Balans!J12-Balans!K12 -> -0.085241533
B20: =Balans!B26 -> Crediteuren | F20: =Balans!F26-Balans!E26 -> 5 | G20: =Balans!G26-Balans!F26 -> -22.835959 | H20: =Balans!H26-Balans!G26 -> 0.72386815 | I20: =Balans!I26-Balans!H26 -> 0.74395726 | J20: =Balans!J26-Balans!I26 -> 0.76456039 | K20: =Balans!K26-Balans!J26 -> 0.48792854
B21: =Balans!B27 -> Overige kortlopende passiva | F21: =Balans!F27-Balans!E27 -> -5 | G21: =Balans!G27-Balans!F27 -> -8.935 | H21: =Balans!H27-Balans!G27 -> 1.686825 | I21: =Balans!I27-Balans!H27 -> 1.747872 | J21: =Balans!J27-Balans!I27 -> 1.8106861 | K21: =Balans!K27-Balans!J27 -> 0.42620766
B22: Mutatie in werkkapitaal | F22: =SUM(F17:F21) -> 13 | G22: =SUM(G17:G21) -> -12.267521 | H22: =SUM(H17:H21) -> -3.6264458 | I22: =SUM(I17:I21) -> -3.7637966 | J22: =SUM(J17:J21) -> -3.9051909 | K22: =SUM(K17:K21) -> -0.61125908 | M22: Exclusief kortlopend deel langlopende schulden en kortlopende rentedragende schulden
B24: Onttrekking voorzieningen | F24: ='3. Prognose BS'!F59 -> -60 | G24: ='3. Prognose BS'!G59 -> -10 | H24: ='3. Prognose BS'!H59 -> 0 | I24: ='3. Prognose BS'!I59 -> 0 | J24: ='3. Prognose BS'!J59 -> 0 | K24: ='3. Prognose BS'!K59 -> 0
B25: Kasstroom uit operationele activiteiten | F25: =F14+F22+F24 -> 13 | G25: =G14+G22+G24 -> 64.987178 | H25: =H14+H22+H24 -> 37.262198 | I25: =I14+I22+I24 -> 66.748463 | J25: =J14+J22+J24 -> 102.70738 | K25: =K14+K22+K24 -> 70.196737
B27: Investeringen vaste activa | F27: =-'3. Prognose BS'!F23 -> -36 | G27: =-'3. Prognose BS'!G23 -> -40 | H27: =-'3. Prognose BS'!H23 -> -40 | I27: =-'3. Prognose BS'!I23 -> -200 | J27: =-'3. Prognose BS'!J23 -> -40 | K27: =-'3. Prognose BS'!K23 -> -40
B28: Verkoop vaste activa | F28: ='3. Prognose BS'!F30 -> 19 | G28: ='3. Prognose BS'!G30 -> 0 | H28: ='3. Prognose BS'!H30 -> 14 | I28: ='3. Prognose BS'!I30 -> 44 | J28: ='3. Prognose BS'!J30 -> 0 | K28: ='3. Prognose BS'!K30 -> 0
B29: Kasstroom uit investeringsactiviteiten | F29: =SUM(F27:F28) -> -17 | G29: =SUM(G27:G28) -> -40 | H29: =SUM(H27:H28) -> -26 | I29: =SUM(I27:I28) -> -156 | J29: =SUM(J27:J28) -> -40 | K29: =SUM(K27:K28) -> -40
B31: Aflossing leningen | F31: =-'3. Prognose BS'!F99 -> -10 | G31: =-'3. Prognose BS'!G99 -> -30 | H31: =-'3. Prognose BS'!H99 -> -20 | I31: =-'3. Prognose BS'!I99 -> -40 | J31: =-'3. Prognose BS'!J99 -> -40 | K31: =-'3. Prognose BS'!K99 -> -30
B32: Nieuwe/uitbreiding leningen | F32: ='3. Prognose BS'!F92 -> 0 | G32: ='3. Prognose BS'!G92 -> 10 | H32: ='3. Prognose BS'!H92 -> 100 | I32: ='3. Prognose BS'!I92 -> 0 | J32: ='3. Prognose BS'!J92 -> 20 | K32: ='3. Prognose BS'!K92 -> 0
B33: Mutatie kortlopende rentedragende schulden | F33: =Balans!F25-Balans!E25 -> 0 | G33: =Balans!G25-Balans!F25 -> -4 | H33: =Balans!H25-Balans!G25 -> 50 | I33: =Balans!I25-Balans!H25 -> -25 | J33: =Balans!J25-Balans!I25 -> -25 | K33: =Balans!K25-Balans!J25 -> 0
B34: =RR!B28 -> Dividend uitkering | F34: =-RR!F28 -> -11 | G34: =-RR!G28 -> -10 | H34: =-RR!H28 -> -10 | I34: =-RR!I28 -> -15 | J34: =-RR!J28 -> -20 | K34: =-RR!K28 -> -20
B35: Kasstroom uit financieringsactiviteiten | F35: =SUM(F31:F34) -> -21 | G35: =SUM(G31:G34) -> -34 | H35: =SUM(H31:H34) -> 120 | I35: =SUM(I31:I34) -> -80 | J35: =SUM(J31:J34) -> -65 | K35: =SUM(K31:K34) -> -50
B37: Totale kasstroom | F37: =F25+F29+F35 -> -25 | G37: =G25+G29+G35 -> -9.012822 | H37: =H25+H29+H35 -> 131.2622 | I37: =I25+I29+I35 -> -169.25154 | J37: =J25+J29+J35 -> -2.292621 | K37: =K25+K29+K35 -> -19.803263
B39: Beginstand liquide middelen | F39: =Balans!E13 -> 104 | G39: =Balans!F13 -> 79 | H39: =Balans!G13 -> 69.987178 | I39: =Balans!H13 -> 201.24938 | J39: =Balans!I13 -> 31.997839 | K39: =Balans!J13 -> 29.705218
B40: =B37 -> Totale kasstroom | F40: =F37 -> -25 | G40: =G37 -> -9.012822 | H40: =H37 -> 131.2622 | I40: =I37 -> -169.25154 | J40: =J37 -> -2.292621 | K40: =K37 -> -19.803263
B41: Eindstand liquide middelen | F41: =SUM(F39:F40) -> 79 | G41: =SUM(G39:G40) -> 69.987178 | H41: =SUM(H39:H40) -> 201.24938 | I41: =SUM(I39:I40) -> 31.997839 | J41: =SUM(J39:J40) -> 29.705218 | K41: =SUM(K39:K40) -> 9.9019548
B43: Eindstand BS | F43: =Balans!F13 -> 79 | G43: =Balans!G13 -> 69.987178 | H43: =Balans!H13 -> 201.24938 | I43: =Balans!I13 -> 31.997839 | J43: =Balans!J13 -> 29.705218 | K43: =Balans!K13 -> 9.9019548
B44: Check | F44: =ROUND(F41,4)-ROUND(F43,4) -> 0 | G44: =ROUND(G41,4)-ROUND(G43,4) -> 0 | H44: =ROUND(H41,4)-ROUND(H43,4) -> 0 | I44: =ROUND(I41,4)-ROUND(I43,4) -> 0 | J44: =ROUND(J41,4)-ROUND(J43,4) -> 0 | K44: =ROUND(K41,4)-ROUND(K43,4) -> 0

Sheet Ratios
K1: KnowYourFinance©
B2: Ratio's | N2: Master check | P2: =ErrorChecks!$B$5 -> 0
B4: Bedragen in EUR x 1.000 tenzijn anders aangegeven
B5: Ratio's | E5: =RR!E5 -> R 2024 | F5: =RR!F5 -> R 2025 | G5: =RR!G5 -> P 2026 | H5: =RR!H5 -> P 2027 | I5: =RR!I5 -> P 2028 | J5: =RR!J5 -> P 2029 | K5: =RR!K5 -> P 2030
B7: Operationeel:
B8: Totale opbrengsten | E8: =RR!E9 -> 550 | F8: =RR!F9 -> 580 | G8: =RR!G9 -> 621.6 | H8: =RR!H9 -> 648.9495 | I8: =RR!I9 -> 708.35634 | J8: =RR!J9 -> 769.87987 | K8: =RR!K9 -> 785.27747
B9: Aantal producten (eenheden) | E9: ='2. Prognose RR'!E8 -> 1200 | F9: ='2. Prognose RR'!F8 -> 1200 | G9: ='2. Prognose RR'!G8 -> 1200 | H9: ='2. Prognose RR'!H8 -> 1300 | I9: ='2. Prognose RR'!I8 -> 1400 | J9: ='2. Prognose RR'!J8 -> 1500 | K9: ='2. Prognose RR'!K8 -> 1500
B10: Gemiddelde verkoopprijs in € | E10: ='2. Prognose RR'!E9 -> 416.66667 | F10: ='2. Prognose RR'!F9 -> 437.5 | G10: ='2. Prognose RR'!G9 -> 446.25 | H10: ='2. Prognose RR'!H9 -> 455.175 | I10: ='2. Prognose RR'!I9 -> 464.2785 | J10: ='2. Prognose RR'!J9 -> 473.56407 | K10: ='2. Prognose RR'!K9 -> 483.03535
B12: FTE | E12: ='2. Prognose RR'!E24 -> 5 | F12: ='2. Prognose RR'!F24 -> 5 | G12: ='2. Prognose RR'!G24 -> 6 | H12: ='2. Prognose RR'!H24 -> 6 | I12: ='2. Prognose RR'!I24 -> 6 | J12: ='2. Prognose RR'!J24 -> 6 | K12: ='2. Prognose RR'!K24 -> 7
B13: Gemiddelde opbrengsten per FTE | E13: =(RR!E9)/E12 -> 110 | F13: =(RR!F9)/F12 -> 116 | G13: =(RR!G9)/G12 -> 103.6 | H13: =(RR!H9)/H12 -> 108.15825 | I13: =(RR!I9)/I12 -> 118.05939 | J13: =(RR!J9)/J12 -> 128.31331 | K13: =(RR!K9)/K12 -> 112.1825 | M13: Op basis van totale opbrengsten
B14: Gemiddelde personeelskosten per FTE | E14: =(RR!E11)/E12 -> -60 | F14: =(RR!F11)/F12 -> -63 | G14: =(RR!G11)/G12 -> -61.846667 | H14: =(RR!H11)/H12 -> -62.550267 | I14: =(RR!I11)/I12 -> -63.777939 | J14: =(RR!J11)/J12 -> -65.030164 | K14: =(RR!K11)/K12 -> -66.140767
B15: Personeelskosten als % van opbrengsten | E15: =(RR!E11)/RR!E9 -> -0.54545455 | F15: =(RR!F11)/RR!F9 -> -0.54310345 | G15: =(RR!G11)/RR!G9 -> -0.59697555 | H15: =(RR!H11)/RR!H9 -> -0.57832173 | I15: =(RR!I11)/RR!I9 -> -0.54021911 | J15: =(RR!J11)/RR!J9 -> -0.50680762 | K15: =(RR!K11)/RR!K9 -> -0.58958188 | M15: Op basis van totale opbrengsten
B17: Resultaat:
B18: EBITDA | E18: =RR!E29 -> 85 | F18: =RR!F29 -> 89 | G18: =RR!G29 -> 70.745 | H18: =RR!H29 -> 38.001525 | I18: =RR!I29 -> 84.008013 | J18: =RR!J29 -> 129.81676 | K18: =RR!K29 -> 80.452328
B19: EBITDA % | E19: =RR!E32 -> 0.15454545 | F19: =RR!F32 -> 0.15344828 | G19: =RR!G32 -> 0.11381113 | H19: =RR!H32 -> 0.058558524 | I19: =RR!I32 -> 0.1185957 | J19: =RR!J32 -> 0.1686195 | K19: =RR!K32 -> 0.10245083 | M19: = EBITDA / Opbrengsten
B20: EBIT % | E20: =RR!E33 -> 0.13636364 | F20: =RR!F33 -> 0.13448276 | G20: =RR!G33 -> 0.081790871 | H20: =RR!H33 -> 0.023116629 | I20: =RR!I33 -> 0.066362098 | J20: =RR!J33 -> 0.11666334 | K20: =RR!K33 -> 0.051513419 | M20: = EBIT / Opbrengsten
B21: Netto Resultaat % | E21: =RR!E34 -> 0.11454545 | F21: =RR!F34 -> 0.09137931 | G21: =RR!G34 -> 0.060088327 | H21: =RR!H34 -> 0.064548387 | I21: =RR!I34 -> 0.038839576 | J21: =RR!J34 -> 0.086523329 | K21: =RR!K34 -> 0.039231987 | M21: = Resultaat / Opbrengsten
B22: Rentabiliteit EV | F22: =RR!F26/((Balans!E18+Balans!F18)/2) -> 0.43801653 | G22: =RR!G26/((Balans!F18+Balans!G18)/2) -> 0.23992803 | H22: =RR!H26/((Balans!G18+Balans!H18)/2) -> 0.22606434 | I22: =RR!I26/((Balans!H18+Balans!I18)/2) -> 0.13259197 | J22: =RR!J26/((Balans!I18+Balans!J18)/2) -> 0.28099682 | K22: =RR!K26/((Balans!J18+Balans!K18)/2) -> 0.11592047 | M22: = Resultaat / Gemiddeld Eigen Vermogen
B24: Liquiditeit:
B25: Interest coverage ratio | E25: =RR!E29/-RR!E22 -> 17 | F25: =RR!F29/-RR!F22 -> 14.833333 | G25: =RR!G29/-RR!G22 -> 23.271382 | H25: =RR!H29/-RR!H22 -> 7.3789369 | I25: =RR!I29/-RR!I22 -> 13.281899 | J25: =RR!J29/-RR!J22 -> 43.272253 | K25: =RR!K29/-RR!K22 -> 58.510784 | M25: = EBITDA / financiële lasten
B26: Debt service coverage ratio | F26: =(RR!F29)/(-RR!F22+'3. Prognose BS'!F100) -> 5.5625 | G26: =(RR!G29)/(-RR!G22+'3. Prognose BS'!G100) -> 5.4252301 | H26: =(RR!H29)/(-RR!H22+'3. Prognose BS'!H100) -> 1.510995 | I26: =(RR!I29)/(-RR!I22+'3. Prognose BS'!I100) -> 1.8134487 | J26: =(RR!J29)/(-RR!J22+'3. Prognose BS'!J100) -> 3.9338412 | K26: =(RR!K29)/(-RR!K22+'3. Prognose BS'!K100) -> 2.5642176 | M26: = EBITDA / (financiële lasten + reguliere aflossingen)
B27: Current ratio | E27: =Balans!E14/Balans!E28 -> 2.3095238 | F27: =Balans!F14/Balans!F28 -> 1.8571429 | G27: =Balans!G14/Balans!G28 -> 2.1893498 | H27: =Balans!H14/Balans!H28 -> 2.0268189 | I27: =Balans!I14/Balans!I28 -> 1.0372521 | J27: =Balans!J14/Balans!J28 -> 1.3998078 | K27: =Balans!K14/Balans!K28 -> 1.3163595 | M27: = Vlottende activa / Vlottende passiva
B28: Werkkapitaal | E28: =Balans!E14-Balans!E28 -> 110 | F28: =Balans!F14-Balans!F28 -> 72 | G28: =Balans!G14-Balans!G28 -> 69.254699 | H28: =Balans!H14-Balans!H28 -> 134.14334 | I28: =Balans!I14-Balans!I28 -> 3.6556021 | J28: =Balans!J14-Balans!J28 -> 30.268172 | K28: =Balans!K14-Balans!K28 -> 21.076168 | M28: = Vlottende activa -/- Vlottende passiva
B29: Operationeel werkkapitaal | E29: =Balans!E14-Balans!E13-Balans!E28+Balans!E25+Balans!E24 -> 20 | F29: =Balans!F14-Balans!F13-Balans!F28+Balans!F25+Balans!F24 -> 7 | G29: =Balans!G14-Balans!G13-Balans!G28+Balans!G25+Balans!G24 -> 19.267521 | H29: =Balans!H14-Balans!H13-Balans!H28+Balans!H25+Balans!H24 -> 22.893966 | I29: =Balans!I14-Balans!I13-Balans!I28+Balans!I25+Balans!I24 -> 26.657763 | J29: =Balans!J14-Balans!J13-Balans!J28+Balans!J25+Balans!J24 -> 30.562954 | K29: =Balans!K14-Balans!K13-Balans!K28+Balans!K25+Balans!K24 -> 31.174213 | M29: = (Vlottende activa -/- liquide middelen) -/- (Vlottende passiva -/- kortlopende rentedragende schulden)
B31: Financiële structuur:
B32: Solvabiliteit | F32: =((Balans!F18+Balans!E18)/2)/((Balans!F30+Balans!E30)/2) -> 0.39672131 | G32: =((Balans!G18+Balans!F18)/2)/((Balans!G30+Balans!F30)/2) -> 0.53351886 | H32: =((Balans!H18+Balans!G18)/2)/((Balans!H30+Balans!G30)/2) -> 0.51509584 | I32: =((Balans!I18+Balans!H18)/2)/((Balans!I30+Balans!H30)/2) -> 0.50996609 | J32: =((Balans!J18+Balans!I18)/2)/((Balans!J30+Balans!I30)/2) -> 0.61737531 | K32: =((Balans!K18+Balans!J18)/2)/((Balans!K30+Balans!J30)/2) -> 0.70508261 | M32: = Eigen Vermogen / Totale vermogen
B34: Common-size Resultatenrekening | E34: =E5 -> R 2024 | F34: =F5 -> R 2025 | G34: =G5 -> P 2026 | H34: =H5 -> P 2027 | I34: =I5 -> P 2028 | J34: =J5 -> P 2029 | K34: =K5 -> P 2030
B36: =RR!B7 -> Opbrengsten p*q | E36: =RR!E7/RR!E$9 -> 0.90909091 | F36: =RR!F7/RR!F$9 -> 0.90517241 | G36: =RR!G7/RR!G$9 -> 0.86148649 | H36: =RR!H7/RR!H$9 -> 0.91182365 | I36: =RR!I7/RR!I$9 -> 0.917603 | J36: =RR!J7/RR!J$9 -> 0.92267135 | K36: =RR!K7/RR!K$9 -> 0.92267135 | M36: Totale opbrengsten = 100%
B37: =RR!B8 -> Overige opbrengsten | E37: =RR!E8/RR!E$9 -> 0.090909091 | F37: =RR!F8/RR!F$9 -> 0.094827586 | G37: =RR!G8/RR!G$9 -> 0.13851351 | H37: =RR!H8/RR!H$9 -> 0.088176353 | I37: =RR!I8/RR!I$9 -> 0.082397004 | J37: =RR!J8/RR!J$9 -> 0.077328647 | K37: =RR!K8/RR!K$9 -> 0.077328647 | M37: Als % van total opbrengsten
B38: =RR!B9 -> Totale opbrengsten | E38: =RR!E9/RR!E$9 -> 1 | F38: =RR!F9/RR!F$9 -> 1 | G38: =RR!G9/RR!G$9 -> 1 | H38: =RR!H9/RR!H$9 -> 1 | I38: =RR!I9/RR!I$9 -> 1 | J38: =RR!J9/RR!J$9 -> 1 | K38: =RR!K9/RR!K$9 -> 1
B40: =RR!B11 -> Personeelskosten | E40: =RR!E11/RR!E$9 -> -0.54545455 | F40: =RR!F11/RR!F$9 -> -0.54310345 | G40: =RR!G11/RR!G$9 -> -0.59697555 | H40: =RR!H11/RR!H$9 -> -0.57832173 | I40: =RR!I11/RR!I$9 -> -0.54021911 | J40: =RR!J11/RR!J$9 -> -0.50680762 | K40: =RR!K11/RR!K$9 -> -0.58958188
B41: =RR!B12 -> Afschrijvingen | E41: =RR!E12/RR!E$9 -> -0.018181818 | F41: =RR!F12/RR!F$9 -> -0.018965517 | G41: =RR!G12/RR!G$9 -> -0.032020261 | H41: =RR!H12/RR!H$9 -> -0.035441895 | I41: =RR!I12/RR!I$9 -> -0.052233598 | J41: =RR!J12/RR!J$9 -> -0.051956158 | K41: =RR!K12/RR!K$9 -> -0.050937409
B42: =RR!B13 -> Huisvestingslasten | E42: =RR!E13/RR!E$9 -> -0.25454545 | F42: =RR!F13/RR!F$9 -> -0.25862069 | G42: =RR!G13/RR!G$9 -> -0.246139 | H42: =RR!H13/RR!H$9 -> -0.27900476 | I42: =RR!I13/RR!I$9 -> -0.26001207 | J42: =RR!J13/RR!J$9 -> -0.24466781 | K42: =RR!K13/RR!K$9 -> -0.23636501
B43: =RR!B14 -> Overige kosten | E43: =RR!E14/RR!E$9 -> -0.045454545 | F43: =RR!F14/RR!F$9 -> -0.044827586 | G43: =RR!G14/RR!G$9 -> -0.043074324 | H43: =RR!H14/RR!H$9 -> -0.084114981 | I43: =RR!I14/RR!I$9 -> -0.081173121 | J43: =RR!J14/RR!J$9 -> -0.07990507 | K43: =RR!K14/RR!K$9 -> -0.071602272
B44: =RR!B15 -> Totale lasten | E44: =RR!E15/RR!E$9 -> -0.86363636 | F44: =RR!F15/RR!F$9 -> -0.86551724 | G44: =RR!G15/RR!G$9 -> -0.91820913 | H44: =RR!H15/RR!H$9 -> -0.97688337 | I44: =RR!I15/RR!I$9 -> -0.9336379 | J44: =RR!J15/RR!J$9 -> -0.88333666 | K44: =RR!K15/RR!K$9 -> -0.94848658
B46: =RR!B17 -> Operationeel resultaat (EBIT) | E46: =RR!E17/RR!E$9 -> 0.13636364 | F46: =RR!F17/RR!F$9 -> 0.13448276 | G46: =RR!G17/RR!G$9 -> 0.081790871 | H46: =RR!H17/RR!H$9 -> 0.023116629 | I46: =RR!I17/RR!I$9 -> 0.066362098 | J46: =RR!J17/RR!J$9 -> 0.11666334 | K46: =RR!K17/RR!K$9 -> 0.051513419
B48: =RR!B19 -> Niet-operationele baten/lasten | E48: =RR!E19/RR!E$9 -> 0 | F48: =RR!F19/RR!F$9 -> -0.017241379 | G48: =RR!G19/RR!G$9 -> 0 | H48: =RR!H19/RR!H$9 -> 0.061638078 | I48: =RR!I19/RR!I$9 -> 0 | J48: =RR!J19/RR!J$9 -> 0 | K48: =RR!K19/RR!K$9 -> 0
B49: =RR!B20 -> Verkoopresultaat vaste activa | E49: =RR!E20/RR!E$9 -> 0 | F49: =RR!F20/RR!F$9 -> 0.024137931 | G49: =RR!G20/RR!G$9 -> 0 | H49: =RR!H20/RR!H$9 -> 0.0061638078 | I49: =RR!I20/RR!I$9 -> -0.0084703131 | J49: =RR!J20/RR!J$9 -> 0 | K49: =RR!K20/RR!K$9 -> 0
B50: =RR!B21 -> Financiële baten | E50: =RR!E21/RR!E$9 -> 0.0018181818 | F50: =RR!F21/RR!F$9 -> 0.0034482759 | G50: =RR!G21/RR!G$9 -> 0.0032175032 | H50: =RR!H21/RR!H$9 -> 0.0030819039 | I50: =RR!I21/RR!I$9 -> 0.0028234377 | J50: =RR!J21/RR!J$9 -> 0.0025978079 | K50: =RR!K21/RR!K$9 -> 0.0025468705
B51: =RR!B22 -> Financiële lasten | E51: =RR!E22/RR!E$9 -> -0.0090909091 | F51: =RR!F22/RR!F$9 -> -0.010344828 | G51: =RR!G22/RR!G$9 -> -0.0048906049 | H51: =RR!H22/RR!H$9 -> -0.0079359026 | I51: =RR!I22/RR!I$9 -> -0.0089291217 | J51: =RR!J22/RR!J$9 -> -0.0038967118 | K51: =RR!K22/RR!K$9 -> -0.0017509734
B52: =RR!B23 -> Resultaat voor belastingen | E52: =RR!E23/RR!E$9 -> 0.12909091 | F52: =RR!F23/RR!F$9 -> 0.13448276 | G52: =RR!G23/RR!G$9 -> 0.08011777 | H52: =RR!H23/RR!H$9 -> 0.086064517 | I52: =RR!I23/RR!I$9 -> 0.051786101 | J52: =RR!J23/RR!J$9 -> 0.11536444 | K52: =RR!K23/RR!K$9 -> 0.052309316
... B55: =RR!B26 -> Netto resultaat | E55: =RR!E26/RR!E$9 -> 0.11454545 | F55: =RR!F26/RR!F$9 -> 0.09137931 | G55: =RR!G26/RR!G$9 -> 0.060088327 | H55: =RR!H26/RR!H$9 -> 0.064548387 | I55: =RR!I26/RR!I$9 -> 0.038839576 | J55: =RR!J26/RR!J$9 -> 0.086523329 | K55: =RR!K26/RR!K$9 -> 0.039231987
B57: Common-size Balans | E57: =E5 -> R 2024 | F57: =F5 -> R 2025 | G57: =G5 -> P 2026 | H57: =H5 -> P 2027 | I57: =I5 -> P 2028 | J57: =J5 -> P 2029 | K57: =K5 -> P 2030
B59: =Balans!B7 -> Materiële Vaste Activa | E59: =Balans!E7/Balans!E$16 -> 0.38216561 | F59: =Balans!F7/Balans!F$16 -> 0.47297297 | G59: =Balans!G7/Balans!G$16 -> 0.55670157 | H59: =Balans!H7/Balans!H$16 -> 0.38690489 | I59: =Balans!I7/Balans!I$16 -> 0.73346007 | J59: =Balans!J7/Balans!J$16 -> 0.72550404 | K59: =Balans!K7/Balans!K$16 -> 0.76155871 | M59: Als % van balanstotaal
B60: =Balans!B8 -> Vaste Activa | E60: =Balans!E8/Balans!E$16 -> 0.38216561 | F60: =Balans!F8/Balans!F$16 -> 0.47297297 | G60: =Balans!G8/Balans!G$16 -> 0.55670157 | H60: =Balans!H8/Balans!H$16 -> 0.38690489 | I60: =Balans!I8/Balans!I$16 -> 0.73346007 | J60: =Balans!J8/Balans!J$16 -> 0.72550404 | K60: =Balans!K8/Balans!K$16 -> 0.76155871
B62: =Balans!B10 -> Voorraden | E62: =Balans!E10/Balans!E$16 -> 0.079617834 | F62: =Balans!F10/Balans!F$16 -> 0.033783784 | G62: =Balans!G10/Balans!G$16 -> 0.035711332 | H62: =Balans!H10/Balans!H$16 -> 0.026276321 | I62: =Balans!I10/Balans!I$16 -> 0.032642321 | J62: =Balans!J10/Balans!J$16 -> 0.035286435 | K62: =Balans!K10/Balans!K$16 -> 0.037780832
B63: =Balans!B11 -> Debiteuren | E63: =Balans!E11/Balans!E$16 -> 0.1910828 | F63: =Balans!F11/Balans!F$16 -> 0.20608108 | G63: =Balans!G11/Balans!G$16 -> 0.15304857 | H63: =Balans!H11/Balans!H$16 -> 0.1126128 | I63: =Balans!I11/Balans!I$16 -> 0.13989566 | J63: =Balans!J11/Balans!J$16 -> 0.15122758 | K63: =Balans!K11/Balans!K$16 -> 0.16191785
B64: =Balans!B12 -> Overige kortlopende activa | E64: =Balans!E12/Balans!E$16 -> 0.015923567 | F64: =Balans!F12/Balans!F$16 -> 0.02027027 | G64: =Balans!G12/Balans!G$16 -> 0.011172545 | H64: =Balans!H12/Balans!H$16 -> 0.0082207347 | I64: =Balans!I12/Balans!I$16 -> 0.010212383 | J64: =Balans!J12/Balans!J$16 -> 0.011039613 | K64: =Balans!K12/Balans!K$16 -> 0.011820003
B65: =Balans!B13 -> Liquide Middelen | E65: =Balans!E13/Balans!E$16 -> 0.33121019 | F65: =Balans!F13/Balans!F$16 -> 0.26689189 | G65: =Balans!G13/Balans!G$16 -> 0.24336599 | H65: =Balans!H13/Balans!H$16 -> 0.46598525 | I65: =Balans!I13/Balans!I$16 -> 0.083789558 | J65: =Balans!J13/Balans!J$16 -> 0.076942333 | K65: =Balans!K13/Balans!K$16 -> 0.026922606
B66: =Balans!B14 -> Vlottende Activa | E66: =Balans!E14/Balans!E$16 -> 0.61783439 | F66: =Balans!F14/Balans!F$16 -> 0.52702703 | G66: =Balans!G14/Balans!G$16 -> 0.44329843 | H66: =Balans!H14/Balans!H$16 -> 0.61309511 | I66: =Balans!I14/Balans!I$16 -> 0.26653993 | J66: =Balans!J14/Balans!J$16 -> 0.27449596 | K66: =Balans!K14/Balans!K$16 -> 0.23844129
B68: =Balans!B16 -> Activa Totaal | E68: =Balans!E16/Balans!E$16 -> 1 | F68: =Balans!F16/Balans!F$16 -> 1 | G68: =Balans!G16/Balans!G$16 -> 1 | H68: =Balans!H16/Balans!H$16 -> 1 | I68: =Balans!I16/Balans!I$16 -> 1 | J68: =Balans!J16/Balans!J$16 -> 1 | K68: =Balans!K16/Balans!K$16 -> 1 | M68: Balanstotaal = 100%
B70: =Balans!B18 -> Eigen Vermogen | E70: =Balans!E18/Balans!E$16 -> 0.31847134 | F70: =Balans!F18/Balans!F$16 -> 0.47972973 | G70: =Balans!G18/Balans!G$16 -> 0.58888287 | H70: =Balans!H18/Balans!H$16 -> 0.4659625 | I70: =Balans!I18/Balans!I$16 -> 0.5597306 | J70: =Balans!J18/Balans!J$16 -> 0.67439474 | K70: =Balans!K18/Balans!K$16 -> 0.73729554 | M70: Noot: wijkt af van solvabiliteit; solvabiliteit obv gemiddelde balansstanden
B72: =Balans!B20 -> Voorzieningen | E72: =Balans!E20/Balans!E$16 -> 0.1910828 | F72: =Balans!F20/Balans!F$16 -> 0.033783784 | G72: =Balans!G20/Balans!G$16 -> 0.10431882 | H72: =Balans!H20/Balans!H$16 -> 0.023154618 | I72: =Balans!I20/Balans!I$16 -> 0.026186005 | J72: =Balans!J20/Balans!J$16 -> 0.025901959 | K72: =Balans!K20/Balans!K$16 -> 0.027189183
B74: =Balans!B22 -> Langlopende Schulden (LLS) | E74: =Balans!E22/Balans!E$16 -> 0.22292994 | F74: =Balans!F22/Balans!F$16 -> 0.2027027 | G74: =Balans!G22/Balans!G$16 -> 0.10431882 | H74: =Balans!H22/Balans!H$16 -> 0.20839157 | I74: =Balans!I22/Balans!I$16 -> 0.15711603 | J74: =Balans!J22/Balans!J$16 -> 0.10360784 | K74: =Balans!K22/Balans!K$16 -> 0.054378367
B76: =Balans!B24 -> Kortlopend deel LLS | E76: =Balans!E24/Balans!E$16 -> 0.031847134 | F76: =Balans!F24/Balans!F$16 -> 0.033783784 | G76: =Balans!G24/Balans!G$16 -> 0.069545879 | H76: =Balans!H24/Balans!H$16 -> 0.092618474 | I76: =Balans!I24/Balans!I$16 -> 0.078558016 | J76: =Balans!J24/Balans!J$16 -> 0.077705876 | K76: =Balans!K24/Balans!K$16 -> 0.054378367
B77: =Balans!B25 -> Kortlopende schulden rentedragend | E77: =Balans!E25/Balans!E$16 -> 0.012738854 | F77: =Balans!F25/Balans!F$16 -> 0.013513514 | G77: =Balans!G25/Balans!G$16 -> 0 | H77: =Balans!H25/Balans!H$16 -> 0.11577309 | I77: =Balans!I25/Balans!I$16 -> 0.065465013 | J77: =Balans!J25/Balans!J$16 -> 0 | K77: =Balans!K25/Balans!K$16 -> 0
B78: =Balans!B26 -> Crediteuren | E78: =Balans!E26/Balans!E$16 -> 0.12738854 | F78: =Balans!F26/Balans!F$16 -> 0.15202703 | G78: =Balans!G26/Balans!G$16 -> 0.077070886 | H78: =Balans!H26/Balans!H$16 -> 0.052996081 | I78: =Balans!I26/Balans!I$16 -> 0.061882418 | J78: =Balans!J26/Balans!J$16 -> 0.063191524 | K78: =Balans!K26/Balans!K$16 -> 0.06765853
B79: =Balans!B27 -> Overige kortlopende passiva | E79: =Balans!E27/Balans!E$16 -> 0.095541401 | F79: =Balans!F27/Balans!F$16 -> 0.084459459 | G79: =Balans!G27/Balans!G$16 -> 0.055862727 | H79: =Balans!H27/Balans!H$16 -> 0.041103673 | I79: =Balans!I27/Balans!I$16 -> 0.051061917 | J79: =Balans!J27/Balans!J$16 -> 0.055198067 | K79: =Balans!K27/Balans!K$16 -> 0.059100015
B80: =Balans!B28 -> Vlottende Passiva | E80: =Balans!E28/Balans!E$16 -> 0.26751592 | F80: =Balans!F28/Balans!F$16 -> 0.28378378 | G80: =Balans!G28/Balans!G$16 -> 0.20247949 | H80: =Balans!H28/Balans!H$16 -> 0.30249132 | I80: =Balans!I28/Balans!I$16 -> 0.25696736 | J80: =Balans!J28/Balans!J$16 -> 0.19609547 | K80: =Balans!K28/Balans!K$16 -> 0.18113691
B82: =Balans!B30 -> Passiva Totaal | E82: =Balans!E30/Balans!E$16 -> 1 | F82: =Balans!F30/Balans!F$16 -> 1 | G82: =Balans!G30/Balans!G$16 -> 1 | H82: =Balans!H30/Balans!H$16 -> 1 | I82: =Balans!I30/Balans!I$16 -> 1 | J82: =Balans!J30/Balans!J$16 -> 1 | K82: =Balans!K30/Balans!K$16 -> 1

Sheet INVOER->

Sheet 1. Realisatie RR en BS
K1: KnowYourFinance©
B2: 1. Realisatie RR en BS invoer | F2: Master check | H2: =ErrorChecks!B5 -> 0
B4: Bedragen in EUR x 1.000
B5: Startjaar
B7: Invoer eerste prognosejaar | E7: 2026 | M7: Het model gaat uit van 2 historische jaren
B9: Resultatenrekening realisatie | E9: ="R "&E7-2 -> R 2024 | F9: ="R "&RIGHT(E9,4)+1 -> R 2025 | G9: ="P "&RIGHT(F9,4)+1 -> P 2026 | H9: ="P "&RIGHT(G9,4)+1 -> P 2027 | I9: ="P "&RIGHT(H9,4)+1 -> P 2028 | J9: ="P "&RIGHT(I9,4)+1 -> P 2029 | K9: ="P "&RIGHT(J9,4)+1 -> P 2030 | M9: Vul in deze sectie de gerealiseerde resultaten in voor de 2 realisatiejaren
B11: =RR!B7 -> Opbrengsten p*q | E11: 500 | F11: 525
B12: =RR!B8 -> Overige opbrengsten | E12: 50 | F12: 55
B13: =RR!B9 -> Totale opbrengsten | E13: =SUM(E11:E12) -> 550 | F13: =SUM(F11:F12) -> 580
B15: =RR!B11 -> Personeelskosten | E15: -300 | F15: -315
B16: =RR!B12 -> Afschrijvingen | E16: -10 | F16: -11
B17: =RR!B13 -> Huisvestingslasten | E17: -140 | F17: -150
B18: =RR!B14 -> Overige kosten | E18: -25 | F18: -26
B19: =RR!B15 -> Totale lasten | E19: =SUM(E15:E18) -> -475 | F19: =SUM(F15:F18) -> -502
B21: =RR!B17 -> Operationeel resultaat (EBIT) | E21: =E13+E19 -> 75 | F21: =F13+F19 -> 78
B23: =RR!B19 -> Niet-operationele baten/lasten | E23: 0 | F23: -10
B24: =RR!B20 -> Verkoopresultaat vaste activa | E24: 0 | F24: 14
B25: =RR!B21 -> Financiële baten | E25: 1 | F25: 2
B26: Financiële lasten langkopende schulden | E26: -4 | F26: -4 | M26: Fin lasten langlopende en kortlopende schulden gesplitst
B27: Financiële lasten kortlopende schulden | E27: -1 | F27: -2
B28: =RR!B23 -> Resultaat voor belastingen | E28: =SUM(E21:E27) -> 71 | F28: =SUM(F21:F27) -> 78
B30: =RR!B25 -> Belastingen | E30: =-8 -> -8 | F30: -25
B31: =RR!B26 -> Netto resultaat | E31: =SUM(E28:E30) -> 63 | F31: =SUM(F28:F30) -> 53
B33: =RR!B28 -> Dividend uitkering | E33: 10 | F33: 11
B35: Balans realisatie | E35: =E9 -> R 2024 | F35: =F9 -> R 2025 | G35: =G9 -> P 2026 | H35: =H9 -> P 2027 | I35: =I9 -> P 2028 | J35: =J9 -> P 2029 | K35: =K9 -> P 2030 | M35: Vul in deze sectie de gerealiseerde balansbedragen in voor de 2 realisatiejaren
E36: =IF(E74=0,"OK","CHECK") -> OK | F36: =IF(F74=0,"OK","CHECK") -> OK | M36: Indien "CHECK": activa en passiva sluiten mogelijk niet aan, of eigen vermogen mutatie sluit niet aan met resultaat en dividenduitkering
B38: =Balans!B7 -> Materiële Vaste Activa | E38: 120 | F38: 140
B39: =Balans!B8 -> Vaste Activa | E39: =SUM(E38:E38) -> 120 | F39: =SUM(F38:F38) -> 140
B41: =Balans!B10 -> Voorraden | E41: 25 | F41: 10
B42: =Balans!B11 -> Debiteuren | E42: 60 | F42: 61
B43: =Balans!B12 -> Overige kortlopende activa | E43: 5 | F43: 6
B44: =Balans!B13 -> Liquide Middelen | E44: 104 | F44: 79
B45: =Balans!B14 -> Vlottende Activa | E45: =SUM(E41:E44) -> 194 | F45: =SUM(F41:F44) -> 156
B47: =Balans!B16 -> Activa Totaal | E47: =E39+E45 -> 314 | F47: =F39+F45 -> 296
B49: =Balans!B18 -> Eigen Vermogen | E49: 100 | F49: 142 | M49: Mutatie in eigen vermogen moet gelijk zijn aan het gerealiseerde resultaat minus dividenduitkering (uitgezonderd voor overige eigen vermogen mutaties)
B51: =Balans!B20 -> Voorzieningen | E51: 60 | F51: 10
B53: =Balans!B22 -> Langlopende Schulden (LLS) | E53: 70 | F53: 60 | M53: Exclusief kortlopend deel van langlopende schulden
B55: =Balans!B24 -> Kortlopend deel LLS | E55: 10 | F55: 10
B56: =Balans!B25 -> Kortlopende schulden rentedragend | E56: 4 | F56: 4
B57: =Balans!B26 -> Crediteuren | E57: 40 | F57: 45
B58: =Balans!B27 -> Overige kortlopende passiva | E58: 30 | F58: 25
B59: =Balans!B28 -> Vlottende Passiva | E59: =SUM(E55:E58) -> 84 | F59: =SUM(F55:F58) -> 84
B61: =Balans!B30 -> Passiva Totaal | E61: =E49+E51+E53+E59 -> 314 | F61: =F49+F51+F53+F59 -> 296
B64: Checks
B66: Check activa passiva | E66: =E47-E61 -> 0 | F66: =F47-F61 -> 0 | M66: Check of activa en passiva gelijk zijn. Moet nul zijn.
B68: Eigen vermogen mutatie | F68: =F49-E49 -> 42
B69: =RR!B26 -> Netto resultaat | F69: =F31 -> 53
B70: =RR!B28 -> Dividend uitkering | F70: =-F33 -> -11
B71: Eigen vermogen mutatie berekend | F71: =SUM(F69:F70) -> 42
B72: Check EV mutatie resultaat en dividend | F72: =F68-F71 -> 0 | M72: Check of eigen vermogen mutatie aansluit op resultaat mutatie en dividend uitkering
B74: Checks opgeteld | E74: =ABS(E66)+ABS(E72) -> 0 | F74: =ABS(F66)+ABS(F72) -> 0 | M74: Moet nul zijn

Sheet 2. Prognose RR
K1: KnowYourFinance©
B2: 2. Prognose Resultatenrekening (RR) invoer | F2: Master check | H2: =ErrorChecks!B5 -> 0
B4: Bedragen in EUR x 1.000 (tenzij anders vermeld) | E4: =IF(E81=0,"OK","CHECK") -> OK | F4: =IF(F81=0,"OK","CHECK") -> OK | G4: =IF(G81=0,"OK","CHECK") -> OK | H4: =IF(H81=0,"OK","CHECK") -> OK | I4: =IF(I81=0,"OK","CHECK") -> OK | J4: =IF(J81=0,"OK","CHECK") -> OK | K4: =IF(K81=0,"OK","CHECK") -> OK
B5: Opbrengsten | E5: =RR!E5 -> R 2024 | F5: =RR!F5 -> R 2025 | G5: =RR!G5 -> P 2026 | H5: =RR!H5 -> P 2027 | I5: =RR!I5 -> P 2028 | J5: =RR!J5 -> P 2029 | K5: =RR!K5 -> P 2030
B7: Opbrengsten (p*q) productgroep 1 | M7: Opbrengsten kan uitgebreid worden naar meerdere productgroepen
B8: Aantal producten/diensten (p) | E8: 1200 | F8: 1200 | G8: 1200 | H8: 1300 | I8: 1400 | J8: 1500 | K8: 1500 | M8: Invoer per jaar
B9: Gemiddelde prijs (q) (in €) | E9: =(E11*1000)/E8 -> 416.66667 | F9: =(F11*1000)/F8 -> 437.5 | G9: =F9*(1+G10) -> 446.25 | H9: =G9*(1+H10) -> 455.175 | I9: =H9*(1+I10) -> 464.2785 | J9: =I9*(1+J10) -> 473.56407 | K9: =J9*(1+K10) -> 483.03535 | M9: Gemiddelde prijs in euro
B10: Gemiddelde prijsstijging | C10: 0.02 | F10: =(F9-E9)/E9 -> 0.05 | G10: =$C10 -> 0.02 | H10: =$C10 -> 0.02 | I10: =$C10 -> 0.02 | J10: =$C10 -> 0.02 | K10: =$C10 -> 0.02 | M10: Gemiddelde prijsstijging per prognosejaar
B11: Opbrengsten (p*q) productgroep 1 | E11: ='1. Realisatie RR en BS'!E11 -> 500 | F11: ='1. Realisatie RR en BS'!F11 -> 525 | G11: =G8*G9/1000 -> 535.5 | H11: =H8*H9/1000 -> 591.7275 | I11: =I8*I9/1000 -> 649.9899 | J11: =J8*J9/1000 -> 710.3461 | K11: =K8*K9/1000 -> 724.55303 | M11: Naar RR
B13: Overige opbrengsten
B14: Jaarlijkse stijging overige opbrengsten | C14: 0.02 | F14: =(F15-E15)/E15 -> 0.1 | G14: =$C14 -> 0.02 | H14: =$C14 -> 0.02 | I14: =$C14 -> 0.02 | J14: =$C14 -> 0.02 | K14: =$C14 -> 0.02 | M14: Gemiddelde stijging structurele overige opbrengsten per prognosejaar
B15: Structurele/jaarlijkse overige opbrengsten | E15: =E17-E16 -> 50 | F15: =F17-F16 -> 55 | G15: =F15+(F15*G14) -> 56.1 | H15: =G15+(G15*H14) -> 57.222 | I15: =H15+(H15*I14) -> 58.36644 | J15: =I15+(I15*J14) -> 59.533769 | K15: =J15+(J15*K14) -> 60.724444
B16: Incidentele overige opbrengsten | E16: 0 | F16: 0 | G16: 30 | H16: 0 | I16: 0 | J16: 0 | K16: 0 | M16: Invoer per jaar
B17: =RR!B8 -> Overige opbrengsten | E17: ='1. Realisatie RR en BS'!E12 -> 50 | F17: ='1. Realisatie RR en BS'!F12 -> 55 | G17: =SUM(G15:G16) -> 86.1 | H17: =SUM(H15:H16) -> 57.222 | I17: =SUM(I15:I16) -> 58.36644 | J17: =SUM(J15:J16) -> 59.533769 | K17: =SUM(K15:K16) -> 60.724444 | M17: Naar RR
B19: Totale opbrengsten | E19: =E11+E17 -> 550 | F19: =F11+F17 -> 580 | G19: =G11+G17 -> 621.6 | H19: =H11+H17 -> 648.9495 | I19: =I11+I17 -> 708.35634 | J19: =J11+J17 -> 769.87987 | K19: =K11+K17 -> 785.27747
B21: Personeelskosten | E21: =E5 -> R 2024 | F21: =F5 -> R 2025 | G21: =G5 -> P 2026 | H21: =H5 -> P 2027 | I21: =I5 -> P 2028 | J21: =J5 -> P 2029 | K21: =K5 -> P 2030
B23: Personeelskosten functiegroep 1 | M23: Meerdere functiegroepen (intern/extern/niveaus) toe te voegen indien relevant
B24: Aantal fte | E24: 5 | F24: 5 | G24: 6 | H24: 6 | I24: 6 | J24: 6 | K24: 7 | M24: Totaal aantal fte (gemiddeld per jaar!)
B25: Gemiddelde prijsstijging personeelskosten | C25: 0.02 | F25: =F26/E26-100% -> 0 | G25: =$C25 -> 0.02 | H25: =$C25 -> 0.02 | I25: =$C25 -> 0.02 | J25: =$C25 -> 0.02 | K25: =$C25 -> 0.02 | M25: Aanname: vaste jaarlijkse % stijging
B26: Gemiddelde pers kosten per fte per jaar | E26: =E27/E24 -> -59 | F26: =F27/F24 -> -59 | G26: =F26*(1+G25) -> -60.18 | H26: =G26*(1+H25) -> -61.3836 | I26: =H26*(1+I25) -> -62.611272 | J26: =I26*(1+J25) -> -63.863497 | K26: =J26*(1+K25) -> -65.140767 | M26: Alle fte gerelateerde personeelskosten inclusief sociale lasten/pensioen/etc
B27: Fte gerelateerde personeelskosten | E27: =E30-E29 -> -295 | F27: =F30-F29 -> -295 | G27: =G24*G26 -> -361.08 | H27: =H24*H26 -> -368.3016 | I27: =I24*I26 -> -375.66763 | J27: =J24*J26 -> -383.18098 | K27: =K24*K26 -> -455.98537 | M27: Totale fte gerelateerde personeelskosten
B29: Overige personeelskosten | E29: -5 | F29: -20 | G29: -10 | H29: -7 | I29: -7 | J29: -7 | K29: -7 | M29: Overige personeelskosten niet fte gerelateerd
B30: =RR!B11 -> Personeelskosten | E30: ='1. Realisatie RR en BS'!E15 -> -300 | F30: ='1. Realisatie RR en BS'!F15 -> -315 | G30: =SUM(G27:G29) -> -371.08 | H30: =SUM(H27:H29) -> -375.3016 | I30: =SUM(I27:I29) -> -382.66763 | J30: =SUM(J27:J29) -> -390.18098 | K30: =SUM(K27:K29) -> -462.98537 | M30: Naar RR
B32: Materiële kosten | E32: =E5 -> R 2024 | F32: =F5 -> R 2025 | G32: =G5 -> P 2026 | H32: =H5 -> P 2027 | I32: =I5 -> P 2028 | J32: =J5 -> P 2029 | K32: =K5 -> P 2030
B34: Afschrijvingslasten | E34: ='3. Prognose BS'!E25 -> -10 | F34: ='3. Prognose BS'!F25 -> -11 | G34: ='3. Prognose BS'!G25 -> -19.903794 | H34: ='3. Prognose BS'!H25 -> -23 | I34: ='3. Prognose BS'!I25 -> -37 | J34: ='3. Prognose BS'!J25 -> -40 | K34: ='3. Prognose BS'!K25 -> -40 | M34: Kopie uit 3. Prognose BS; Naar RR
B36: Huisvestingslasten (berekend) | E36: ='1. Realisatie RR en BS'!E17 -> -140 | F36: ='1. Realisatie RR en BS'!F17 -> -150 | G36: =F36+(F36*G37) -> -153 | H36: =G36+(G36*H37) -> -156.06 | I36: =H36+(H36*I37) -> -159.1812 | J36: =I36+(I36*J37) -> -162.36482 | K36: =J36+(J36*K37) -> -165.61212
B37: Gemiddelde jaarlijkse stijging | C37: 0.02 | F37: =(F36-E36)/E36 -> 0.071428571 | G37: =$C37 -> 0.02 | H37: =$C37 -> 0.02 | I37: =$C37 -> 0.02 | J37: =$C37 -> 0.02 | K37: =$C37 -> 0.02
B38: Incidentele huisvestingslasten (handmatig) | H38: -25 | I38: -25 | J38: -26 | K38: -20
B39: Huisvestingslasten | E39: =E36+E38 -> -140 | F39: =F36+F38 -> -150 | G39: =G36+G38 -> -153 | H39: =H36+H38 -> -181.06 | I39: =I36+I38 -> -184.1812 | J39: =J36+J38 -> -188.36482 | K39: =K36+K38 -> -185.61212 | M39: Naar RR
B41: Overige kosten (berekend) | E41: ='1. Realisatie RR en BS'!E18 -> -25 | F41: ='1. Realisatie RR en BS'!F18 -> -26 | G41: =G42*G11 -> -26.775 | H41: =H42*H11 -> -29.586375 | I41: =I42*I11 -> -32.499495 | J41: =J42*J11 -> -35.517305 | K41: =K42*K11 -> -36.227651 | M41: Naar RR
B42: Variabele kosten % van opbrengsten | C42: -0.05 | E42: =E41/E11 -> -0.05 | F42: =F41/F11 -> -0.04952381 | G42: =$C42 -> -0.05 | H42: =$C42 -> -0.05 | I42: =$C42 -> -0.05 | J42: =$C42 -> -0.05 | K42: =$C42 -> -0.05 | M42: Als % van opbrengsten (p*q) productgroep 1
B43: Incidentele overige kosten (handmatig) | H43: -25 | I43: -25 | J43: -26 | K43: -20
B44: Overige kosten | E44: =E41+E43 -> -25 | F44: =F41+F43 -> -26 | G44: =G41+G43 -> -26.775 | H44: =H41+H43 -> -54.586375 | I44: =I41+I43 -> -57.499495 | J44: =J41+J43 -> -61.517305 | K44: =K41+K43 -> -56.227651 | M44: Naar RR
B46: Materiële kosten | E46: =E34+E39+E44 -> -175 | F46: =F34+F39+F44 -> -187 | G46: =G34+G39+G44 -> -199.67879 | H46: =H34+H39+H44 -> -258.64638 | I46: =I34+I39+I44 -> -278.6807 | J46: =J34+J39+J44 -> -289.88213 | K46: =K34+K39+K44 -> -281.83977
B47: Totale lasten incl personeelslasten | E47: =E30+E46 -> -475 | F47: =F30+F46 -> -502 | G47: =G30+G46 -> -570.75879 | H47: =H30+H46 -> -633.94798 | I47: =I30+I46 -> -661.34833 | J47: =J30+J46 -> -680.06311 | K47: =K30+K46 -> -744.82514
B49: Operationeel resultaat (EBIT) | E49: =E19+E47 -> 75 | F49: =F19+F47 -> 78 | G49: =G19+G47 -> 50.841206 | H49: =H19+H47 -> 15.001525 | I49: =I19+I47 -> 47.008013 | J49: =J19+J47 -> 89.81676 | K49: =K19+K47 -> 40.452328 | M49: Earnings before interest & tax
B51: Financieel + Niet-operationeel resultaat | E51: =E5 -> R 2024 | F51: =F5 -> R 2025 | G51: =G5 -> P 2026 | H51: =H5 -> P 2027 | I51: =I5 -> P 2028 | J51: =J5 -> P 2029 | K51: =K5 -> P 2030
B53: ='1. Realisatie RR en BS'!B23 -> Niet-operationele baten/lasten | E53: ='1. Realisatie RR en BS'!E23 -> 0 | F53: ='1. Realisatie RR en BS'!F23 -> -10 | G53: 0 | H53: 40 | I53: 0 | J53: 0 | K53: 0 | M53: Indien van toepassing (bijvoorbeeld eenmalige substantiële dotatie/vrijval voorzieningen -> dan ook invoeren in voorzieningen spec)
B55: =RR!B20 -> Verkoopresultaat vaste activa | E55: ='3. Prognose BS'!E32 -> 0 | F55: ='3. Prognose BS'!F32 -> 14 | G55: ='3. Prognose BS'!G32 -> 0 | H55: ='3. Prognose BS'!H32 -> 4 | I55: ='3. Prognose BS'!I32 -> -6 | J55: ='3. Prognose BS'!J32 -> 0 | K55: ='3. Prognose BS'!K32 -> 0 | M55: Kopie uit 3. Prognose BS; Naar RR
B57: =RR!B21 -> Financiële baten | E57: ='1. Realisatie RR en BS'!E25 -> 1 | F57: ='1. Realisatie RR en BS'!F25 -> 2 | G57: 2 | H57: 2 | I57: 2 | J57: 2 | K57: 2 | M57: Naar RR
B59: Financiële lasten langkopende schulden | E59: ='3. Prognose BS'!E103 -> -4 | F59: ='3. Prognose BS'!F103 -> -4 | G59: ='3. Prognose BS'!G103 -> -2.9 | H59: ='3. Prognose BS'!H103 -> -3.4 | I59: ='3. Prognose BS'!I103 -> -3.7 | J59: ='3. Prognose BS'!J103 -> -2.125 | K59: ='3. Prognose BS'!K103 -> -1.375 | M59: Kopie uit 3. Prognose BS
B60: Financiële lasten kortlopende schulden | E60: ='3. Prognose BS'!E112 -> -1 | F60: ='3. Prognose BS'!F112 -> -2 | G60: ='3. Prognose BS'!G112 -> -0.14 | H60: ='3. Prognose BS'!H112 -> -1.75 | I60: ='3. Prognose BS'!I112 -> -2.625 | J60: ='3. Prognose BS'!J112 -> -0.875 | K60: ='3. Prognose BS'!K112 -> 0 | M60: Kopie uit 3. Prognose BS
B61: =RR!B22 -> Financiële lasten | E61: =SUM(E59:E60) -> -5 | F61: =SUM(F59:F60) -> -6 | G61: =SUM(G59:G60) -> -3.04 | H61: =SUM(H59:H60) -> -5.15 | I61: =SUM(I59:I60) -> -6.325 | J61: =SUM(J59:J60) -> -3 | K61: =SUM(K59:K60) -> -1.375 | M61: Naar RR
B63: Belastingen | E63: =E5 -> R 2024 | F63: =F5 -> R 2025 | G63: =G5 -> P 2026 | H63: =H5 -> P 2027 | I63: =I5 -> P 2028 | J63: =J5 -> P 2029 | K63: =K5 -> P 2030
B65: Belastingtarief | C65: 0.25 | E65: =-E67/E66 -> 0.11267606 | F65: =-F67/F66 -> 0.32051282 | G65: =$C65 -> 0.25 | H65: =$C65 -> 0.25 | I65: =$C65 -> 0.25 | J65: =$C65 -> 0.25 | K65: =$C65 -> 0.25
B66: Resultaat voor belastingen | E66: =E49+E53+E55+E57+E61 -> 71 | F66: =F49+F53+F55+F57+F61 -> 78 | G66: =G49+G53+G55+G57+G61 -> 49.801206 | H66: =H49+H53+H55+H57+H61 -> 55.851525 | I66: =I49+I53+I55+I57+I61 -> 36.683013 | J66: =J49+J53+J55+J57+J61 -> 88.81676 | K66: =K49+K53+K55+K57+K61 -> 41.077328
B67: Belastingen | E67: ='1. Realisatie RR en BS'!E30 -> -8 | F67: ='1. Realisatie RR en BS'!F30 -> -25 | G67: =G66*-G65 -> -12.450301 | H67: =H66*-H65 -> -13.962881 | I67: =I66*-I65 -> -9.1707533 | J67: =J66*-J65 -> -22.20419 | K67: =K66*-K65 -> -10.269332 | M67: Naar RR
B69: Dividend uitkering | E69: =E5 -> R 2024 | F69: =F5 -> R 2025 | G69: =G5 -> P 2026 | H69: =H5 -> P 2027 | I69: =I5 -> P 2028 | J69: =J5 -> P 2029 | K69: =K5 -> P 2030
B71: =RR!B26 -> Netto resultaat | E71: =E66+E67 -> 63 | F71: =F66+F67 -> 53 | G71: =G66+G67 -> 37.350904 | H71: =H66+H67 -> 41.888644 | I71: =I66+I67 -> 27.51226 | J71: =J66+J67 -> 66.61257 | K71: =K66+K67 -> 30.807996
B72: Dividend uitkering (-/-) invoer | E72: =-'1. Realisatie RR en BS'!E33 -> -10 | F72: =-'1. Realisatie RR en BS'!F33 -> -11 | G72: -10 | H72: -10 | I72: -15 | J72: -20 | K72: -20 | M72: Invoeren met minteken (-/-)
B74: Resultaat na dividend | E74: =E71+E72 -> 53 | F74: =F71+F72 -> 42 | G74: =G71+G72 -> 27.350904 | H74: =H71+H72 -> 31.888644 | I74: =I71+I72 -> 12.51226 | J74: =J71+J72 -> 46.61257 | K74: =K71+K72 -> 10.807996
B75: Dividend payout ratio | E75: =-E72/E71 -> 0.15873016 | F75: =-F72/F71 -> 0.20754717 | G75: =-G72/G71 -> 0.26773114 | H75: =-H72/H71 -> 0.23872819 | I75: =-I72/I71 -> 0.54521149 | J75: =-J72/J71 -> 0.30024363 | K75: =-K72/K71 -> 0.64918212
B77: Resultaat na belastingen en check | E77: =E5 -> R 2024 | F77: =F5 -> R 2025 | G77: =G5 -> P 2026 | H77: =H5 -> P 2027 | I77: =I5 -> P 2028 | J77: =J5 -> P 2029 | K77: =K5 -> P 2030
B79: =RR!B26&" optelling" -> Netto resultaat optelling | E79: =E71 -> 63 | F79: =F71 -> 53 | G79: =G71 -> 37.350904 | H79: =H71 -> 41.888644 | I79: =I71 -> 27.51226 | J79: =J71 -> 66.61257 | K79: =K71 -> 30.807996 | M79: Optelling in huidige sheet
B80: =RR!B26&" vanuit RR" -> Netto resultaat vanuit RR | E80: =RR!E26 -> 63 | F80: =RR!F26 -> 53 | G80: =RR!G26 -> 37.350904 | H80: =RR!H26 -> 41.888644 | I80: =RR!I26 -> 27.51226 | J80: =RR!J26 -> 66.61257 | K80: =RR!K26 -> 30.807996 | M80: Kopie uit RR
B81: Check | E81: =ROUND(E79,2)-ROUND(E80,2) -> 0 | F81: =ROUND(F79,2)-ROUND(F80,2) -> 0 | G81: =ROUND(G79,2)-ROUND(G80,2) -> 0 | H81: =ROUND(H79,2)-ROUND(H80,2) -> 0 | I81: =ROUND(I79,2)-ROUND(I80,2) -> 0 | J81: =ROUND(J79,2)-ROUND(J80,2) -> 0 | K81: =ROUND(K79,2)-ROUND(K80,2) -> 0 | M81: Check moet nul zijn
B83: Netto resultaat optelling | E83: =E79 -> 63 | F83: =F79 -> 53 | M83: Optelling in huidige sheet
B84: Netto resultaat vanuit 1. Realisatie RR en BS | E84: ='1. Realisatie RR en BS'!E31 -> 63 | F84: ='1. Realisatie RR en BS'!F31 -> 53 | M84: Kopie uit 1. Realisatie RR en BS
B85: Check | E85: =E83-E84 -> 0 | F85: =F83-F84 -> 0 | M85: Check moet nul zijn
B87: Afschrijvingen BS | E87: ='3. Prognose BS'!E25 -> -10 | F87: ='3. Prognose BS'!F25 -> -11 | G87: ='3. Prognose BS'!G25 -> -19.903794 | H87: ='3. Prognose BS'!H25 -> -23 | I87: ='3. Prognose BS'!I25 -> -37 | J87: ='3. Prognose BS'!J25 -> -40 | K87: ='3. Prognose BS'!K25 -> -40
B88: Afschrijvingslasten RR | E88: =E34 -> -10 | F88: =F34 -> -11 | G88: =G34 -> -19.903794 | H88: =H34 -> -23 | I88: =I34 -> -37 | J88: =J34 -> -40 | K88: =K34 -> -40
B89: Check | E89: =E87-E88 -> 0 | F89: =F87-F88 -> 0 | G89: =G87-G88 -> 0 | H89: =H87-H88 -> 0 | I89: =I87-I88 -> 0 | J89: =J87-J88 -> 0 | K89: =K87-K88 -> 0 | M89: Check moet nul zijn

Sheet 3. Prognose BS
K1: KnowYourFinance©
B2: 3. Prognose Balans (BS) invoer | F2: Master check | H2: =ErrorChecks!B5 -> 0
B4: Bedragen in EUR x 1.000 (tenzij anders vermeld) | E4: =IF(E144=0,"OK","CHECK") -> OK | F4: =IF(F144=0,"OK","CHECK") -> OK | G4: =IF(G144=0,"OK","CHECK") -> OK | H4: =IF(H144=0,"OK","CHECK") -> OK | I4: =IF(I144=0,"OK","CHECK") -> OK | J4: =IF(J144=0,"OK","CHECK") -> OK | K4: =IF(K144=0,"OK","CHECK") -> OK
B5: Materiële vaste activa | E5: =RR!E5 -> R 2024 | F5: =RR!F5 -> R 2025 | G5: =RR!G5 -> P 2026 | H5: =RR!H5 -> P 2027 | I5: =RR!I5 -> P 2028 | J5: =RR!J5 -> P 2029 | K5: =RR!K5 -> P 2030
B7: Bestaande MVA
B8: Beginwaarde bestaande MVA | E8: =E12-E11-E10-E9 -> 139 | F8: =E12 -> 120 | G8: =F12 -> 140 | H8: =G12 -> 124.09621 | I8: =H12 -> 99.096206 | J8: =I12 -> 34.096206 | K8: =J12 -> 19.096206
B9: Investeringen (+) | E9: 11 | F9: 36 | M9: Nieuwe investeringen prognosejaren worden hieronder in te voeren
B10: Boekwaarde verkoop/afstoot (-/-) | E10: -20 | F10: -5 | G10: 0 | H10: -10 | I10: -50 | J10: 0 | K10: 0 | M10: Invoer met minteken (-/-)
B11: Afschrijvingen (-/-) | E11: ='1. Realisatie RR en BS'!E16 -> -10 | F11: ='1. Realisatie RR en BS'!F16 -> -11 | G11: -15.903794 | H11: -15 | I11: -15 | J11: -15 | K11: -15 | M11: Invoer met minteken (-/-)
B12: Eindwaarde bestaande MVA | E12: ='1. Realisatie RR en BS'!E38 -> 120 | F12: =SUM(F8:F11) -> 140 | G12: =SUM(G8:G11) -> 124.09621 | H12: =SUM(H8:H11) -> 99.096206 | I12: =SUM(I8:I11) -> 34.096206 | J12: =SUM(J8:J11) -> 19.096206 | K12: =SUM(K8:K11) -> 4.0962057
B14: Nieuwe MVA
B15: Beginwaarde nieuwe MVA | G15: =F19 -> 0 | H15: =G19 -> 36 | I15: =H19 -> 68 | J15: =I19 -> 246 | K15: =J19 -> 261
B16: Investeringen (+) | G16: 40 | H16: 40 | I16: 200 | J16: 40 | K16: 40
B17: Boekwaarde verkoop/afstoot (-/-) | M17: Invoer met minteken (-/-)
B18: Afschrijvingen (-/-) | G18: -4 | H18: -8 | I18: -22 | J18: -25 | K18: -25 | M18: Invoer met minteken (-/-)
B19: Eindwaarde nieuwe MVA | G19: =SUM(G15:G18) -> 36 | H19: =SUM(H15:H18) -> 68 | I19: =SUM(I15:I18) -> 246 | J19: =SUM(J15:J18) -> 261 | K19: =SUM(K15:K18) -> 276
B21: Totale MVA
B22: Beginwaarde MVA | E22: =E8+E15 -> 139 | F22: =E26 -> 120 | G22: =F26 -> 140 | H22: =G26 -> 160.09621 | I22: =H26 -> 167.09621 | J22: =I26 -> 280.09621 | K22: =J26 -> 280.09621
B23: Investeringen (+) | E23: =E9+E16 -> 11 | F23: =F9+F16 -> 36 | G23: =G9+G16 -> 40 | H23: =H9+H16 -> 40 | I23: =I9+I16 -> 200 | J23: =J9+J16 -> 40 | K23: =K9+K16 -> 40 | M23: Naar KSO
B24: Boekwaarde verkoop/afstoot (-/-) | E24: =E10+E17 -> -20 | F24: =F10+F17 -> -5 | G24: =G10+G17 -> 0 | H24: =H10+H17 -> -10 | I24: =I10+I17 -> -50 | J24: =J10+J17 -> 0 | K24: =K10+K17 -> 0 | M24: Invoer met minteken (-/-)
B25: Afschrijvingen (-/-) | E25: =E11+E18 -> -10 | F25: =F11+F18 -> -11 | G25: =G11+G18 -> -19.903794 | H25: =H11+H18 -> -23 | I25: =I11+I18 -> -37 | J25: =J11+J18 -> -40 | K25: =K11+K18 -> -40 | M25: Naar 2. Prognose RR
B26: Eindwaarde MVA | E26: =SUM(E22:E25) -> 120 | F26: =SUM(F22:F25) -> 140 | G26: =SUM(G22:G25) -> 160.09621 | H26: =SUM(H22:H25) -> 167.09621 | I26: =SUM(I22:I25) -> 280.09621 | J26: =SUM(J22:J25) -> 280.09621 | K26: =SUM(K22:K25) -> 280.09621 | M26: Naar BS
B27: Check; eindwaarde MVA moet zijn: | E27: ='1. Realisatie RR en BS'!E38 -> 120 | F27: ='1. Realisatie RR en BS'!F38 -> 140 | M27: Indien check <> eindwaarde => controleer mutaties in jaar
B29: Verkoop-/afstoot specificatie MVA
B30: Verkoopprijs MVA | E30: =E32-E31 -> 20 | F30: =F32-F31 -> 19 | G30: 0 | H30: 14 | I30: 44 | J30: 0 | K30: 0 | M30: Naar KSO
B31: Boekwaarde afgestote/verkochte MVA | E31: =E24 -> -20 | F31: =F24 -> -5 | G31: =G24 -> 0 | H31: =H24 -> -10 | I31: =I24 -> -50 | J31: =J24 -> 0 | K31: =K24 -> 0 | M31: ="Kopie rij "&_xlfn.FORMULATEXT(K31) -> Kopie rij =K24
B32: =RR!B20 -> Verkoopresultaat vaste activa | E32: ='1. Realisatie RR en BS'!E24 -> 0 | F32: ='1. Realisatie RR en BS'!F24 -> 14 | G32: =SUM(G30:G31) -> 0 | H32: =SUM(H30:H31) -> 4 | I32: =SUM(I30:I31) -> -6 | J32: =SUM(J30:J31) -> 0 | K32: =SUM(K30:K31) -> 0 | M32: Naar 2. Prognose RR
B34: Vlottende activa | E34: =E$5 -> R 2024 | F34: =F$5 -> R 2025 | G34: =G$5 -> P 2026 | H34: =H$5 -> P 2027 | I34: =I$5 -> P 2028 | J34: =J$5 -> P 2029 | K34: =K$5 -> P 2030
B36: ='2. Prognose RR'!B11 -> Opbrengsten (p*q) productgroep 1 | E36: ='2. Prognose RR'!E11 -> 500 | F36: ='2. Prognose RR'!F11 -> 525 | G36: ='2. Prognose RR'!G11 -> 535.5 | H36: ='2. Prognose RR'!H11 -> 591.7275 | I36: ='2. Prognose RR'!I11 -> 649.9899 | J36: ='2. Prognose RR'!J11 -> 710.3461 | K36: ='2. Prognose RR'!K11 -> 724.55303 | M36: Kopie uit 2. Prognose RR
B38: Voorraad dagen | C38: 7 | E38: =E39/(E36/365) -> 18.25 | F38: =F39/(F36/365) -> 6.952381 | G38: =$C38 -> 7 | H38: =$C38 -> 7 | I38: =$C38 -> 7 | J38: =$C38 -> 7 | K38: =$C38 -> 7 | M38: Gemiddeld aantal dagen voorraden beschikbaar
B39: =Balans!B10 -> Voorraden | E39: ='1. Realisatie RR en BS'!E41 -> 25 | F39: ='1. Realisatie RR en BS'!F41 -> 10 | G39: =G36/365*G38 -> 10.269863 | H39: =H36/365*H38 -> 11.348199 | I39: =I36/365*I38 -> 12.46556 | J39: =J36/365*J38 -> 13.623076 | K39: =K36/365*K38 -> 13.895538 | M39: <=Opbrengst per dag * Voorraad dagen>
B41: Debiteuren dagen | C41: 30 | E41: =E42/(E36/365) -> 43.8 | F41: =F42/(F36/365) -> 42.409524 | G41: =$C41 -> 30 | H41: =$C41 -> 30 | I41: =$C41 -> 30 | J41: =$C41 -> 30 | K41: =$C41 -> 30 | M41: Gemiddeld aantal dagen openstaande debiteurenfacturen
B42: =Balans!B11 -> Debiteuren | E42: ='1. Realisatie RR en BS'!E42 -> 60 | F42: ='1. Realisatie RR en BS'!F42 -> 61 | G42: =G36/365*G41 -> 44.013699 | H42: =H36/365*H41 -> 48.635137 | I42: =I36/365*I41 -> 53.423827 | J42: =J36/365*J41 -> 58.384611 | K42: =K36/365*K41 -> 59.552304 | M42: <=Opbrengsten per dag * Debiteuren dagen>
B44: % Overige kortl activa van opbrengsten | C44: 0.006 | E44: =E45/E36 -> 0.01 | F44: =F45/F36 -> 0.011428571 | G44: =$C44 -> 0.006 | H44: =$C44 -> 0.006 | I44: =$C44 -> 0.006 | J44: =$C44 -> 0.006 | K44: =$C44 -> 0.006 | M44: Overige kortlopende activa als % van opbrengsten
B45: =Balans!B12 -> Overige kortlopende activa | E45: ='1. Realisatie RR en BS'!E43 -> 5 | F45: ='1. Realisatie RR en BS'!F43 -> 6 | G45: =G44*G36 -> 3.213 | H45: =H44*H36 -> 3.550365 | I45: =I44*I36 -> 3.8999394 | J45: =J44*J36 -> 4.2620766 | K45: =K44*K36 -> 4.3473182 | M45: <=Opbrengsten * %>
B47: =Balans!B13 -> Liquide Middelen | E47: ='1. Realisatie RR en BS'!E44 -> 104 | F47: ='1. Realisatie RR en BS'!F44 -> 79 | G47: =G126 -> 69.987178 | H47: =H126 -> 201.24938 | I47: =I126 -> 31.997839 | J47: =J126 -> 29.705218 | K47: =K126 -> 9.9019548 | M47: Sluitpost berekend onderaan sheet
B49: Eigen vermogen | E49: =E$5 -> R 2024 | F49: =F$5 -> R 2025 | G49: =G$5 -> P 2026 | H49: =H$5 -> P 2027 | I49: =I$5 -> P 2028 | J49: =J$5 -> P 2029 | K49: =K$5 -> P 2030
B51: Beginstand | E51: =E53-E52 -> 47 | F51: =E53 -> 100 | G51: =F53 -> 142 | H51: =G53 -> 169.3509 | I51: =H53 -> 201.23955 | J51: =I53 -> 213.75181 | K51: =J53 -> 260.36438
B52: ='2. Prognose RR'!B74 -> Resultaat na dividend | E52: ='2. Prognose RR'!E74 -> 53 | F52: ='2. Prognose RR'!F74 -> 42 | G52: ='2. Prognose RR'!G74 -> 27.350904 | H52: ='2. Prognose RR'!H74 -> 31.888644 | I52: ='2. Prognose RR'!I74 -> 12.51226 | J52: ='2. Prognose RR'!J74 -> 46.61257 | K52: ='2. Prognose RR'!K74 -> 10.807996 | M52: Kopie uit 2. Prognose RR
B53: Eindstand | E53: ='1. Realisatie RR en BS'!E49 -> 100 | F53: ='1. Realisatie RR en BS'!F49 -> 142 | G53: =SUM(G51:G52) -> 169.3509 | H53: =SUM(H51:H52) -> 201.23955 | I53: =SUM(I51:I52) -> 213.75181 | J53: =SUM(J51:J52) -> 260.36438 | K53: =SUM(K51:K52) -> 271.17237 | M53: Naar BS
B55: Voorzieningen | E55: =E$5 -> R 2024 | F55: =F$5 -> R 2025 | G55: =G$5 -> P 2026 | H55: =H$5 -> P 2027 | I55: =I$5 -> P 2028 | J55: =J$5 -> P 2029 | K55: =K$5 -> P 2030
B57: Beginstand | E57: =SUM(E58:E61) -> 60 | F57: =E61 -> 60 | G57: =F61 -> 10 | H57: =G61 -> 30 | I57: =H61 -> 10 | J57: =I61 -> 10 | K57: =J61 -> 10
B58: Dotatie + (kosten vanuit RR) | E58: 15 | F58: 10 | G58: 30 | H58: 0 | I58: 0 | J58: 0 | K58: 0 | M58: Indien niet-operiationeel resultaat -> afzonderlijk opnemen in RR invoer
B59: Onttrekking -/- (kas uitstroom) | E59: -5 | F59: -60 | G59: -10 | H59: 0 | I59: 0 | J59: 0 | K59: 0 | M59: Naar KSO
B60: Vrijval -/- (vrijval naar RR) | E60: -10 | F60: 0 | G60: 0 | H60: -20 | I60: 0 | J60: 0 | K60: 0 | M60: Indien niet-operiationeel resultaat -> afzonderlijk opnemen in RR invoer
B61: Eindstand | E61: ='1. Realisatie RR en BS'!E51 -> 60 | F61: =SUM(F57:F60) -> 10 | G61: =SUM(G57:G60) -> 30 | H61: =SUM(H57:H60) -> 10 | I61: =SUM(I57:I60) -> 10 | J61: =SUM(J57:J60) -> 10 | K61: =SUM(K57:K60) -> 10 | M61: Naar BS
B62: Check; eindstand moet gelijk zjn aan: | F62: ='1. Realisatie RR en BS'!F51 -> 10 | M62: Indien Check <> Eindstand voorzieningen => controleer mutaties voorzieningen
B64: Langlopende schulden | E64: =E$5 -> R 2024 | F64: =F$5 -> R 2025 | G64: =G$5 -> P 2026 | H64: =H$5 -> P 2027 | I64: =I$5 -> P 2028 | J64: =J$5 -> P 2029 | K64: =K$5 -> P 2030
B66: Bestaande Langlopende Schulden (LLS) | M66: LLS kan opgesplits worden naar afzonderlijke bestaande leningdelen
B67: LLS beginstand | E67: =E71-E70-E69-E68 -> 80 | F67: =E71 -> 70 | G67: =F71 -> 60 | H67: =G71 -> 30 | I67: =H71 -> 10 | J67: =I71 -> 0 | K67: =J71 -> 0 | M67: Alleen nieuwe leningen in historische jaren
B68: LLS nieuw realisatiejaren (+) | E68: 10 | M68: Nieuwe LLS voor prognosejaren hieronder in te voeren
B69: Mutatie naar kortlopend deel (-/-) | E69: =-'1. Realisatie RR en BS'!E55 -> -10 | F69: =-'1. Realisatie RR en BS'!F55 -> -10 | G69: -10 | H69: -20 | I69: -10 | M69: Opname als kortlopend deel van LLS per einde jaar.
B70: Extra aflossing (-/-) | E70: -10 | G70: -20 | M70: Als extra aflossing bovenop het reguliere aflossingsschema (wordt niet meegerekend voor DSCR ratio)
B71: LLS eindstand | E71: ='1. Realisatie RR en BS'!E53 -> 70 | F71: =SUM(F67:F70) -> 60 | G71: =SUM(G67:G70) -> 30 | H71: =SUM(H67:H70) -> 10 | I71: =SUM(I67:I70) -> 0 | J71: =SUM(J67:J70) -> 0 | K71: =SUM(K67:K70) -> 0 | M71: Eindstand laatste realisatie moet gelijk zijn aan invoer 1. Realisatie RR en BS
B73: Totale stand langlopende schuld | E73: =E71-E69 -> 80 | F73: =F71-F69 -> 70 | G73: =G71-G69 -> 40 | H73: =H71-H69 -> 30 | I73: =I71-I69 -> 10 | J73: =J71-J69 -> 0 | K73: =K71-K69 -> 0 | M73: Inclusief kortlopend deel
B74: Totale aflossing | F74: =E73-F73+F68 -> 10 | G74: =F73-G73+G68 -> 30 | H74: =G73-H73+H68 -> 10 | I74: =H73-I73+I68 -> 20 | J74: =I73-J73+J68 -> 10 | K74: =J73-K73+K68 -> 0 | M74: Aflossing vanuit kortlopend deel plus extra aflossing
B75: Gemiddeld rente % langlopende schulden | F75: =-F76/((E73+F73)/2) -> 0.053333333 | G75: 0.05 | H75: 0.05 | I75: 0.05 | J75: 0.05 | K75: 0.05 | M75: Zowel langlopend als kortlopend deel LLS; aanname: rentekosten over gemiddelde LLS per jaar
B76: Rente bestaande LLS | E76: ='1. Realisatie RR en BS'!E26 -> -4 | F76: ='1. Realisatie RR en BS'!F26 -> -4 | G76: =G75*-(F73+G73)/2 -> -2.75 | H76: =H75*-(G73+H73)/2 -> -1.75 | I76: =I75*-(H73+I73)/2 -> -1 | J76: =J75*-(I73+J73)/2 -> -0.25 | K76: =K75*-(J73+K73)/2 -> 0
B78: Nieuwe Langlopende Schulden (LLS)
B79: LLS beginstand | G79: =F83 -> 0 | H79: =G83 -> 0 | I79: =H83 -> 80 | J79: =I83 -> 60 | K79: =J83 -> 40
B80: LLS nieuw (+) | G80: 10 | H80: 100 | J80: 20 | M80: Nieuwe leningen in prognose jaren
B81: Mutatie naar kortlopend deel (-/-) | G81: -10 | H81: -20 | I81: -20 | J81: -30 | K81: -20 | M81: Opname als kortlopend deel van LLS per einde jaar.
B82: Extra aflossing (-/-) | J82: -10 | M82: Als extra aflossing bovenop het reguliere aflossingsschema (wordt niet meegerekend voor DSCR ratio)
B83: LLS eindstand | G83: =SUM(G79:G82) -> 0 | H83: =SUM(H79:H82) -> 80 | I83: =SUM(I79:I82) -> 60 | J83: =SUM(J79:J82) -> 40 | K83: =SUM(K79:K82) -> 20
B85: Totale stand langlopende schuld | G85: =G83-G81 -> 10 | H85: =H83-H81 -> 100 | I85: =I83-I81 -> 80 | J85: =J83-J81 -> 70 | K85: =K83-K81 -> 40 | M85: Inclusief kortlopend deel
B86: Totale aflossing | G86: =F85-G85+G80 -> 0 | H86: =G85-H85+H80 -> 10 | I86: =H85-I85+I80 -> 20 | J86: =I85-J85+J80 -> 30 | K86: =J85-K85+K80 -> 30 | M86: Aflossing vanuit kortlopend deel plus extra aflossing
B87: Gemiddeld rente % langlopende schulden | G87: 0.03 | H87: 0.03 | I87: 0.03 | J87: 0.025 | K87: 0.025 | M87: Zowel langlopend als kortlopend deel LLS; aanname: rentekosten over gemiddelde LLS per jaar
B88: Rente bestaande LLS | G88: =G87*-(F85+G85)/2 -> -0.15 | H88: =H87*-(G85+H85)/2 -> -1.65 | I88: =I87*-(H85+I85)/2 -> -2.7 | J88: =J87*-(I85+J85)/2 -> -1.875 | K88: =K87*-(J85+K85)/2 -> -1.375
B90: Totaal Langlopende Schulden (LLS) | M90: Bestaande plus nieuwe leningen
B91: LLS beginstand | E91: =E67+E79 -> 80 | F91: =F67+F79 -> 70 | G91: =G67+G79 -> 60 | H91: =H67+H79 -> 30 | I91: =I67+I79 -> 90 | J91: =J67+J79 -> 60 | K91: =K67+K79 -> 40
B92: LLS nieuw (+) | E92: =E68+E80 -> 10 | F92: =F68+F80 -> 0 | G92: =G68+G80 -> 10 | H92: =H68+H80 -> 100 | I92: =I68+I80 -> 0 | J92: =J68+J80 -> 20 | K92: =K68+K80 -> 0 | M92: Naar KSO
B93: Mutatie naar kortlopend deel (-/-) | E93: =E69+E81 -> -10 | F93: =F69+F81 -> -10 | G93: =G69+G81 -> -20 | H93: =H69+H81 -> -40 | I93: =I69+I81 -> -30 | J93: =J69+J81 -> -30 | K93: =K69+K81 -> -20 | M93: Opname als kortlopend deel van LLS per einde jaar; naar BS (-)
B94: Extra aflossing (-/-) | E94: =E70+E82 -> -10 | F94: =F70+F82 -> 0 | G94: =G70+G82 -> -20 | H94: =H70+H82 -> 0 | I94: =I70+I82 -> 0 | J94: =J70+J82 -> -10 | K94: =K70+K82 -> 0 | M94: Als extra aflossing bovenop het reguliere aflossingsschema (wordt niet meegerekend voor DSCR ratio)
B95: LLS eindstand | E95: =SUM(E91:E94) -> 70 | F95: =SUM(F91:F94) -> 60 | G95: =SUM(G91:G94) -> 30 | H95: =SUM(H91:H94) -> 90 | I95: =SUM(I91:I94) -> 60 | J95: =SUM(J91:J94) -> 40 | K95: =SUM(K91:K94) -> 20 | M95: Naar BS
B96: Check | F96: ='1. Realisatie RR en BS'!F53 -> 60 | M96: Indien Check <> LLS eindstand => controleer mutaties LLS
B98: Totale stand langlopende schuld | E98: =E73+E85 -> 80 | F98: =F73+F85 -> 70 | G98: =G73+G85 -> 50 | H98: =H73+H85 -> 130 | I98: =I73+I85 -> 90 | J98: =J73+J85 -> 70 | K98: =K73+K85 -> 40
B99: Totaal aflossing | F99: =F74+F86 -> 10 | G99: =G74+G86 -> 30 | H99: =H74+H86 -> 20 | I99: =I74+I86 -> 40 | J99: =J74+J86 -> 40 | K99: =K74+K86 -> 30 | M99: Naar KSO
B100: Aflossing exclusief extra aflossing | F100: =F99+F94 -> 10 | G100: =G99+G94 -> 10 | H100: =H99+H94 -> 20 | I100: =I99+I94 -> 40 | J100: =J99+J94 -> 30 | K100: =K99+K94 -> 30 | M100: Alleen "reguliere" aflossingen, ten behoeve van DSCR ratio
B102: Gemiddeld rente % langlopende schulden | F102: =-F103/((F98+E98)/2) -> 0.053333333 | G102: =-G103/((G98+F98)/2) -> 0.048333333 | H102: =-H103/((H98+G98)/2) -> 0.037777778 | I102: =-I103/((I98+H98)/2) -> 0.033636364 | J102: =-J103/((J98+I98)/2) -> 0.0265625 | K102: =-K103/((K98+J98)/2) -> 0.025 | M102: Zowel langlopend als kortlopend deel LLS; aanname: rentekosten over gemiddelde LLS per jaar
B103: Rente Langlopende Schulden | E103: =E76+E88 -> -4 | F103: =F76+F88 -> -4 | G103: =G76+G88 -> -2.9 | H103: =H76+H88 -> -3.4 | I103: =I76+I88 -> -3.7 | J103: =J76+J88 -> -2.125 | K103: =K76+K88 -> -1.375 | M103: Naar Financiële Lasten RR invoer
B106: Vlottende passiva | E106: =E$5 -> R 2024 | F106: =F$5 -> R 2025 | G106: =G$5 -> P 2026 | H106: =H$5 -> P 2027 | I106: =I$5 -> P 2028 | J106: =J$5 -> P 2029 | K106: =K$5 -> P 2030
B108: =Balans!B24 -> Kortlopend deel LLS | E108: =-E93 -> 10 | F108: =-F93 -> 10 | G108: =-G93 -> 20 | H108: =-H93 -> 40 | I108: =-I93 -> 30 | J108: =-J93 -> 30 | K108: =-K93 -> 20 | M108: Kopie Langlopende schulden berekening
B110: =Balans!B25 -> Kortlopende schulden rentedragend | E110: ='1. Realisatie RR en BS'!E56 -> 4 | F110: ='1. Realisatie RR en BS'!F56 -> 4 | G110: 0 | H110: 50 | I110: 25 | J110: 0 | K110: 0 | M110: Exclusief kortlopend deel langlopende schulden. Naar BS
B111: Gemiddeld rente % kortlopende schulden | C111: 0.07 | F111: =IFERROR(-F112/((E110+F110)/2),0%) -> 0.5 | G111: =$C111 -> 0.07 | H111: =$C111 -> 0.07 | I111: =$C111 -> 0.07 | J111: =$C111 -> 0.07 | K111: =$C111 -> 0.07 | M111: Aanname: rentekosten berekening over gemiddelde kortlopende schuld per jaar
B112: Interest kortlopende schulden | E112: ='1. Realisatie RR en BS'!E27 -> -1 | F112: ='1. Realisatie RR en BS'!F27 -> -2 | G112: =-G111*(F110+G110)/2 -> -0.14 | H112: =-H111*(G110+H110)/2 -> -1.75 | I112: =-I111*(H110+I110)/2 -> -2.625 | J112: =-J111*(I110+J110)/2 -> -0.875 | K112: =-K111*(J110+K110)/2 -> 0 | M112: Naar Financële lasten RR
B114: Overige bedrijfskosten variabel + vast | E114: ='2. Prognose RR'!E41+'2. Prognose RR'!E36 -> -165 | F114: ='2. Prognose RR'!F41+'2. Prognose RR'!F36 -> -176 | G114: ='2. Prognose RR'!G41+'2. Prognose RR'!G36 -> -179.775 | H114: ='2. Prognose RR'!H41+'2. Prognose RR'!H36 -> -185.64638 | I114: ='2. Prognose RR'!I41+'2. Prognose RR'!I36 -> -191.68069 | J114: ='2. Prognose RR'!J41+'2. Prognose RR'!J36 -> -197.88213 | K114: ='2. Prognose RR'!K41+'2. Prognose RR'!K36 -> -201.83977 | M114: Totale overige bedrijfslasten (exclusief personeelslasten); kopie 2. Prognose RR
B115: Crediteuren dagen | C115: 45 | E115: =E116/(-E114/365) -> 88.484848 | F115: =F116/(-F114/365) -> 93.323864 | G115: =$C115 -> 45 | H115: =$C115 -> 45 | I115: =$C115 -> 45 | J115: =$C115 -> 45 | K115: =$C115 -> 45 | M115: Gemiddeld aantal dagen openstaande crediteurendagen
B116: =Balans!B26 -> Crediteuren | E116: ='1. Realisatie RR en BS'!E57 -> 40 | F116: ='1. Realisatie RR en BS'!F57 -> 45 | G116: =-G114/365*G115 -> 22.164041 | H116: =-H114/365*H115 -> 22.887909 | I116: =-I114/365*I115 -> 23.631867 | J116: =-J114/365*J115 -> 24.396427 | K116: =-K114/365*K115 -> 24.884355 | M116: <=Overige bedrijfskosten per dag * Crediteuren dagen>
B118: ='2. Prognose RR'!B11 -> Opbrengsten (p*q) productgroep 1 | E118: ='2. Prognose RR'!E11 -> 500 | F118: ='2. Prognose RR'!F11 -> 525 | G118: ='2. Prognose RR'!G11 -> 535.5 | H118: ='2. Prognose RR'!H11 -> 591.7275 | I118: ='2. Prognose RR'!I11 -> 649.9899 | J118: ='2. Prognose RR'!J11 -> 710.3461 | K118: ='2. Prognose RR'!K11 -> 724.55303 | M118: Kopie 2. Prognose RR
B119: % Overige kortl passiva van opbrengsten | C119: 0.03 | E119: =E120/E118 -> 0.06 | F119: =F120/F118 -> 0.047619048 | G119: =$C119 -> 0.03 | H119: =$C119 -> 0.03 | I119: =$C119 -> 0.03 | J119: =$C119 -> 0.03 | K119: =$C119 -> 0.03 | M119: Overige kortlopende passiva als % van opbrengsten
B120: =Balans!B27 -> Overige kortlopende passiva | E120: ='1. Realisatie RR en BS'!E58 -> 30 | F120: ='1. Realisatie RR en BS'!F58 -> 25 | G120: =G119*G118 -> 16.065 | H120: =H119*H118 -> 17.751825 | I120: =I119*I118 -> 19.499697 | J120: =J119*J118 -> 21.310383 | K120: =K119*K118 -> 21.736591 | M120: <=Opbrengsten * %>
B122: Balans totaal check | E122: =E$5 -> R 2024 | F122: =F$5 -> R 2025 | G122: =G$5 -> P 2026 | H122: =H$5 -> P 2027 | I122: =I$5 -> P 2028 | J122: =J$5 -> P 2029 | K122: =K$5 -> P 2030
B124: Activa optelling excl liq mid | E124: =E26+E39+E42+E45 -> 210 | F124: =F26+F39+F42+F45 -> 217 | G124: =G26+G39+G42+G45 -> 217.59277 | H124: =H26+H39+H42+H45 -> 230.62991 | I124: =I26+I39+I42+I45 -> 349.88553 | J124: =J26+J39+J42+J45 -> 356.36597 | K124: =K26+K39+K42+K45 -> 357.89136 | M124: Optelling in huidige sheet
B125: Passiva totaal optelling | E125: =E129 -> 314 | F125: =F129 -> 296 | G125: =G129 -> 287.57995 | H125: =H129 -> 431.87928 | I125: =I129 -> 381.88337 | J125: =J129 -> 386.07119 | K125: =K129 -> 367.79332 | M125: Optelling in huidige sheet
B126: Liquide middelen | E126: =E125-E124 -> 104 | F126: =F125-F124 -> 79 | G126: =G125-G124 -> 69.987178 | H126: =H125-H124 -> 201.24938 | I126: =I125-I124 -> 31.997839 | J126: =J125-J124 -> 29.705218 | K126: =K125-K124 -> 9.9019548 | M126: Saldo
B128: Activa totaal optelling | E128: =E26+E39+E42+E45+E47 -> 314 | F128: =F26+F39+F42+F45+F47 -> 296 | G128: =G124+G126 -> 287.57995 | H128: =H124+H126 -> 431.87928 | I128: =I124+I126 -> 381.88337 | J128: =J124+J126 -> 386.07119 | K128: =K124+K126 -> 367.79332 | M128: Optelling in huidige sheet
B129: Passiva totaal optelling | E129: =E53+E61+E95+E108+E110+E116+E120 -> 314 | F129: =F53+F61+F95+F108+F110+F116+F120 -> 296 | G129: =G53+G61+G95+G108+G110+G116+G120 -> 287.57995 | H129: =H53+H61+H95+H108+H110+H116+H120 -> 431.87928 | I129: =I53+I61+I95+I108+I110+I116+I120 -> 381.88337 | J129: =J53+J61+J95+J108+J110+J116+J120 -> 386.07119 | K129: =K53+K61+K95+K108+K110+K116+K120 -> 367.79332 | M129: Optelling in huidige sheet
B130: Check optelling aansluiting | E130: =E128-E129 -> 0 | F130: =F128-F129 -> 0 | G130: =G128-G129 -> 0 | H130: =H128-H129 -> 0 | I130: =I128-I129 -> 0 | J130: =J128-J129 -> 0 | K130: =K128-K129 -> 0 | M130: Check gelijk
B132: Activa totaal kopie BS | E132: =Balans!E16 -> 314 | F132: =Balans!F16 -> 296 | G132: =Balans!G16 -> 287.57995 | H132: =Balans!H16 -> 431.87928 | I132: =Balans!I16 -> 381.88337 | J132: =Balans!J16 -> 386.07119 | K132: =Balans!K16 -> 367.79332 | M132: Kopie BS
B133: Passiva totaal kopie BS | E133: =Balans!E30 -> 314 | F133: =Balans!F30 -> 296 | G133: =Balans!G30 -> 287.57995 | H133: =Balans!H30 -> 431.87928 | I133: =Balans!I30 -> 381.88337 | J133: =Balans!J30 -> 386.07119 | K133: =Balans!K30 -> 367.79332 | M133: Kopie BS
...
